Workbook
Name _Hlk170218928: 'T5'!$A$1

Sheet Listas deplegables
A1: Procesos | B1: Siglas | D1: TipoProceso | E1: DescripciónCtr | F1: Atributo | G1: ZonaRiesgo | H1: DescripciónCtr | I1: Periodicididad de los control | J1: Tratamiento | K1: Reporte | L1: Reporte
A2: Direccionamiento Estratégico y Aprendizaje Organizacional | B2: DE | D2: Estratégico | E2: Si | F2: Detectivo | G2: Extremo | H2: Si | I2: SI | J2: Aceptar | K2: Si | L2: Si | M2: Primera línea de defensa
A3: Gestión de las Comunicaciones | B3: GC | D3: Misional | E3: No | F3: Preventivo | G3: Alto | H3: No | I3: NO | J3: Evitar | K3: No | L3: No | M3: Segunda línea de defensa
A4: Formulación y Adopción de Políticas, Planes y Programas | B4: FP | D4: Apoyo | E4: No tiene controles | F4: No definido | G4: Moderado | H4: No tiene plan de tratamiento | I4: Parcialmente | J4: Reducir (Transferir) | K4: No diligenció la casilla | L4: No formuló indicadores | M4: Primer y segunda línea de defensa
A5: Altos Logros | B5: AL | D5: Evaluación | E5: Incompleta | F5: No aplica | G5: Bajo | H5: No aplica | J5: Reducir (Mitigar) | K5: No aplica | L5: No aplica
A6: Inspección Vigilancia y Control | B6: IVC | E6: No aplica | H6: Parcialmente | J6: No identificado
A7: Fomento al Desarrollo Humano y Social | B7: FD
A8: Apoyo a la Infraestructura Técnica y Científica | B8: ATC
A9: Servicio Integral al Ciudadano | B9: SI | D9: ¿Cumple con la ejecución del Plan de Tratamiento de manera eficaz? | E9: ¿Cumple con la ejecución del Plan de Tratamiento de manera eficaz? | F9: ¿Se cuenta con evidencias de la ejecución del control?
A10: Gestión de TIC'S | B10: GT | D10: SI | E10: SI | F10: SI
A11: Gestión del Talento Humano | B11: GH | D11: NO | E11: NO | F11: NO
A12: Gestión Documental | B12: GD | D12: No tiene plan de tratamiento | E12: No aplica para el cuatrimestre | F12: Parcialmente
A13: Adquisición de Bienes y Servicios | B13: BS | D13: En curso | E13: En curso | F13: No aplica
A14: Gestión Financiera | B14: GF | E14: Evidencia extemporánea
A15: Gestión Jurídica | B15: GJ
A16: Gestión de los Recursos Físicos | B16: RF
A17: Evaluación Independiente y Mejora Continua | B17: EI
A18: Gestión Proceso Disciplinario | B18: PD
A19: Proceso Gestión Ambiental | B19: GA

Sheet Sg-MRG
A1: MATRIZ SEGUIMIENTO MAPA DE RIESGOS DE GESTIÓN
B2: Entidad: Ministerio del Deporte | J2: ¿Se adelantó seguimiento al Mapa de Riesgos de Gestión?
B3: Responsable: Tercera línea de defensa
B4: Seguimiento: Primer Cuatrimestre 2026 | J4: Si | K4: Primer y segunda línea de defensa
B5: Fecha de publicación: 25 de junio de 2026
A6: SEGUIMIENTO Y EVALUACIÓN POR PARTE DE LA TERCERA LÍNEA DE DEFENSA
A8: FORMULACIÓN DE RIESGOS Y EVALUACIÓN | I8: VALORACIÓN DE LOS CONTROLES | R8: PLAN DE TRATAMIENTO | X8: MONITOREO, SEGUIMIENTO Y EVALUACIÓN
A9: Nombre del Proceso | B9: Siglas | C9: Descripción Riesgo | D9: Fecha Elaboración y/o actualización | E9: Fecha Aprobación | F9: Fecha de Monitoreo 2da Línea de Defensa | G9: Tipo Proceso | H9: Zona de Riesgo Inherente | I9: ¿Presenta descripción de la valoración de controles? | J9: Descripción del Control | K9: Atributo del Control | L9: ¿El diseño de los controles es efectivo? | M9: ¿Los controles cuentan con responsables de su ejecución? | N9: ¿La periodicidad de los controles es oportuna para mitigar el riesgo? | O9: Tratamiento | P9: Zona de Riesgo Residual | Q9: ¿Se cuenta con evidencias de la ejecución del control? | R9: ¿Formuló Plan de Tratamiento (acciones)? | S9: Descripción del Plan de Tratamiento | T9: Soporte o evidencia de la acción | U9: Fecha implementación | V9: ¿Cumple con la ejecución del Plan de Tratamiento de manera eficaz? | W9: ¿Se cuenta con evidencias de la ejecución del Plan de Tratamiento? | X9: ¿El proceso reportó Materialización del Riesgo? | Y9: ¿Se enunciaron acciones de mejora por materialización? | Z9: ¿Se activaron alertas tempranas para evitar la materialización? | AA9: ¿Se implementaron correctivos por la materialización? | AB9: ¿Se reportaron indicadores? | AC9: Observaciones y recomendaciones por parte de la Tercera Línea de Defensa - Oficina de Control Interno (OCI) | AD9: Cont | AE9: Acc
A10: Direccionamiento Estratégico y Aprendizaje Organizacional | B10: DE | C10: R1: Posibilidad de afectación económica y reputacional por la desarticulación de los planes, programas y proyectos, debido a subestimación de las necesidades de los grupos de valor y las metas de Plan Nacional de Desarrollo. | D10: 46139 | E10: 46140 | F10: 46142 | G10: Estratégico | H10: Extremo | I10: Si | J10: R1-Cont-1: Cada vez que se requiera, el profesional designado del GIT Planeación y Gestión realiza verificación de cumplimiento de los requisitos normativos metodológicos y procedimentales de la formulación de los proyectos de inversión para registrar ajuste en plataforma del DNP "Metodología General Ajustada - MGA WEB " de los proyectos de inversión sobre los cuales se solicita formulación de un nuevo proyectos o requiere ajustes al mismo de acuerdo con las necesidades institucionales. En caso de que el proyecto no cumpla con los requisitos, este será devuelto a la dependencia que lo formuló para su ajuste y que nuevamente se presente a la OAP para su verificación. De la ejecución de los controles se generará la siguiente evidencia: En el formato DE-FR-033 Formulación de Proyectos de Inversión se envia observaciones por parte de la OAP y se deja la trazabilidad por medio de correo electrónico y/o mesas de trabajo por TEAMS e Informe de gestión de trámites presupuestales. | K10: Preventivo | L10: Si | M10: Si | N10: Incompleta | O10: Reducir (Mitigar) | P10: Extrema | Q10: SI | R10: Si | S10: R1-Acc-1: Realizar la verificación de las solicitudes de modificación a los PAI en la vigencia, frente a lo defindo en los programas y proyectos del área funcional solicitante. | T10: Correos electronico de retroalimentación de la solicitud Actas de comité CIGD (cuando aplique) | U10: 46387 | V10: No aplica para el cuatrimestre | W10: No aplica para el cuatrimestre | X10: No | Y10: No aplica | Z10: No aplica | AA10: No aplica | AB10: Si | AC10: Durante el I cuatrimestre de 2026 no se evidenció la materialización del riesgo. Con relación con los controles: R1-Cont-1: Se sugiere al proceso mantener la continuidad en la ejecución del control con el fin de mantener su efectividad dentro del sistema de control interno. R2-Cont-1: Se sugiere al proceso mantener la continuidad en la ejecución del control con el fin de mantener su efectividad dentro del sistema de control interno. Se sugiere en el documento “CRONOGRAMA SEGUIMIENTO 2026” incluir la marcación del estado de cada actividad, con el fin de fortalecer el control y seguimiento de su ejecución. R2-Cont-2: Se sugiere al proceso mantener la continuidad en la ejecución del control con el fin de mantener su efectividad dentro del sistema de control interno. R3-Cont-1: Se sugiere al proceso mantener la continuidad en la ejecución del control con el fin de mantener su efectividad dentro del sistema de control interno. Adicionalmente, al revisar el contenido del archivo: "Tablero de Ejecución MIPG_GIT de P y G" se sugiere atender las actividades en estado incumplida. R3-Cont-2: Se sugiere al proceso mantener la continuidad en la ejecución del control con el fin de mantener su efectividad dentro del sistema de control interno, tal como se ejecutó el control mediante el documento: "Lineamientos institucionales FURAG 2025 v1" R3-Cont-3: Se sugiere al proceso mantener la continuidad en la ejecución del control con el fin de mantener su efectividad dentro del sistema de control interno. Con relación al Plan de Tratamiento del Riesgo: R1-Acc-1: La acción para el presente cuatrimestre no requiere inicio de ejecución R2-Acc-1: La acción para el presente cuatrimestre no requiere inicio de ejecución R2-Acc-2: Aplica para el primer avance 0/04/2026, las evidencias aportadas no corresponden al avance del Plan de trabajo, versiones actualizadas de procedimientos, instructivos y documentos, cargue y/o actualizacion en ISOLUCION, actas de revision y aprobacion de documentos, correo de socializacion y validacion, dado que el proceso aporta evidenciua distintas como: documentos de GIT ONAD, Instructivo Gestión Programa Paradero 24032026, PROCEDIMIENTO ELABORACION, MODIFICACION Y SEGUIMIENTO DEL PLAN ESTRATEGICO INSTITUCIONAL Y DEL PLAN DE ACCION INSTITUCIONAL R3-Acc-1: La acción para el presente cuatrimestre no requiere inicio de ejecución R3-Acc-2: La acción para el presente cuatrimestre no requiere inicio de ejecución R3-Acc-3: La acción para el presente cuatrimestre no requiere inicio de ejecución. Indicadores R1 y R2: Se solicita al proceso (DE) realizar en una carpeta separada las evidencias correspondientes a los indicadores. Indicadores R1 , R2 y R3: En la revisión realizada no se evidenció el monitoreo por parte de la segunda línea de defensa para los indicadores mencionados. Por lo anterior, se recomienda fortalecer el cumplimiento de las actividades de monitoreo. | AD10: R1-Cont-1 R2-Cont-1 R2-Cont-2 R3-Cont-1 R3-Cont-2 R3-Cont-3 | AE10: R1-Acc-1 R2-Acc-1 R2-Acc-2 R3-Acc-1 R3-Acc-2 R3-Acc-3
C11: R2: Posibilidad de afectación reputacional por falta de seguimiento de los planes, programas y proyectos formulados, debido a la entrega inoportuna de la información por parte de las dependencias | H11: Moderado | I11: Si | J11: R2-Cont-1: De acuerdo con la programación del seguimiento a indicadores, el Profesional encargado perteneciente al GIT de seguimiento o quien designe el Coordinador, verifica que la información reportada por las dependencias en los sistemas de información y/o archivos designados sea congruente con lo programado para el cumplimiento de las actividades del GIT de seguimiento en los tiempos establecidos y entregará el reporte de manera cuatrimestral. verifica que la información reportada por las dependencias en los sistemas de información y/o archivos designados sea congruente con lo programado para el cumplimiento de las actividades de los proyectos de inversión en los tiempos establecidos y entregará el reporte de manera cuatrimestral. | K11: Preventivo | L11: Si | M11: Si | N11: Si | O11: Reducir (Mitigar) | P11: Moderada | Q11: SI | R11: Si | S11: R2-Acc-1: . Realizar alertas para el reporte oportuno de la información de los planes, programas y proyectos. | T11: 1. Correos electrónicos y/o memorandos de alertas y reiteraciones enviados a las depentencias, mesas de trabajo por TEAMS, pantallazos, actas de reuniones | U11: 1. 30/04/2026 2. 30/08/2026 3. 20/12/2026 | V11: Si | W11: Si | AB11: Si
S12: R2-Acc-2: Realizar alertas para el reporte oportuno de la información de los planes, programas y proyectos. | T12: 2. Plan de trabajo, versiones actualizadas de procedimientos, instructivos y documentos, cargue y/o actualizacion en ISOLUCION, actas de revision y aprobacion de documentos, correo de socializacion y validacion. | U12: 01/01/2026 al 30/10/2026 | V12: En curso | W12: En curso
C13: R3: Posibilidad de afectación Reputacional por la falta de apropiación del MIPG, debido a desarticulación entre las políticas y las acciones definidas en los planes institucionales, que incidan en la medición del índice de desempeño | H13: Moderado | I13: Si | J13: R3-Cont-1: Cada vez que se requiera, el Profesional designado del GIT de Planeación y Gestión, verifica las actividades programadas en el Plan de Trabajo establecido para el mantenimiento del Modelo Integrado de Planeación y Gestión, a través de reuniones con los enlaces y/o líderes de políticas constatando el avance de las actividades programadas. En caso de identificar desviaciones en la ejecución del control, se notifica al responsable de la actividad el incumplimiento para ejecute las actividades y entregué la evidencia correspondiente. De la ejecución de los controles se generará la siguiente evidencia: Actas de reunión y comunicaciones de seguimiento. | K13: Detectivo | L13: Si | M13: Si | N13: Si | O13: Reducir (Mitigar) | P13: Moderada | Q13: SI | R13: Si | S13: R3-Acc-1: Cada vez que se requiera, el Profesional designado del GIT de Planeación y Gestión, verifica las actividades programadas en el Plan de Trabajo establecido para el mantenimiento del Modelo Integrado de Planeación y Gestión, a través de reuniones con los enlaces y/o líderes de políticas constatando el avance de las actividades programadas. En caso de identificar desviaciones en la ejecución del control, se notifica al responsable de la actividad el incumplimiento para ejecute las actividades y entregué la evidencia correspondiente. De la ejecución de los controles se generará la siguiente evidencia: Actas de reunión y comunicaciones de seguimiento. | T13: 1. Correos electronicos y/o memorandos, alertas y reiteraciones, Reportes consolidados de seguimiento, Cargue de información en Sharepoint, Actas de reuniones, planes de mejora | U13: 01/07/2026 al 30/11/2026 | V13: No aplica para el cuatrimestre | W13: No aplica para el cuatrimestre | AB13: No aplica
I14: Si | J14: R3-Cont-2: Anualmente, el Coordinador del GIT de Planeación y Gestión y/o profesional asignado del GIT , verifica y emite lineamientos para el reporte anual del Formulario Único de Reporte de Avances a la Gestión - FURAG, a través del aplicativo Gesdoc y aplicativo FURAG. En caso de identificar desviaciones en la ejecución del control, se notificará a los líderes de política de la entrega de evidencias para el reporte oportuno de la información. De la ejecución de los controles se generará la siguiente evidencia: Lineamientos emitidos a través del sistema de gestión documental del Ministerio y/o certificado de diligenciamiento del FURAG emitido por el DAFP | K14: Preventivo | L14: Si | M14: Si | N14: Si | Q14: SI | R14: Si | S14: R3-Acc-2: Anualmente, el Coordinador del GIT de Planeación y Gestión y/o profesional asignado del GIT , verifica y emite lineamientos para el reporte anual del Formulario Único de Reporte de Avances a la Gestión - FURAG, a través del aplicativo Gesdoc y aplicativo FURAG. En caso de identificar desviaciones en la ejecución del control, se notificará a los líderes de política de la entrega de evidencias para el reporte oportuno de la información. De la ejecución de los controles se generará la siguiente evidencia: Lineamientos emitidos a través del sistema de gestión documental del Ministerio y/o certificado de diligenciamiento del FURAG emitido por el DAFP | T14: Informe generado, socializacion del informe, publicacion del informe, planes de mejora, correos y/o retroalimentacion a los procesos | U14: 46325 | V14: No aplica para el cuatrimestre | W14: No aplica para el cuatrimestre
I15: Si | J15: R3-Cont-3: Cada vez que se requiera, el Jefe de la Oficina Asesora de Planeación, convoca al Comité Institucional de Gestión y Desempeño para presentar el avance de las actividades ejecutadas para el mantenimiento de las políticas de MIPG, a través de solicitud a los líderes de política (cuando aplique) para la consolidación de la información por parte del profesional designado. En caso de identificar desviaciones en la ejecución del control, se solicitará a los líderes de política el cumplimiento de las recomendaciones dadas por los miembros del comité. De la ejecución de los controles se generará la siguiente evidencia: Correo de solicitud de insumo a los lideres de políticas y actas del CIGD | K15: Preventivo | L15: Si | M15: Si | N15: Si | Q15: SI | R15: Si | S15: R3-Acc-3: Cada vez que se requiera, el Jefe de la Oficina Asesora de Planeación, convoca al Comité Institucional de Gestión y Desempeño para presentar el avance de las actividades ejecutadas para el mantenimiento de las políticas de MIPG, a través de solicitud a los líderes de política (cuando aplique) para la consolidación de la información por parte del profesional designado. En caso de identificar desviaciones en la ejecución del control, se solicitará a los líderes de política el cumplimiento de las recomendaciones dadas por los miembros del comité. De la ejecución de los controles se generará la siguiente evidencia: Correo de solicitud de insumo a los lideres de políticas y actas del CIGD
A16: Adquisición de Bienes y Servicios | B16: BS | C16: R2: Posibilidad de afectación económica por multas o sanciones de los entes de control debido a la celebración de Contratos sin que se cumplan con todos los requisitos legales. | D16: 46140 | E16: 46140 | F16: 46143 | G16: Apoyo | H16: Extremo | I16: Si | J16: R2-Cont-1: Cada vez que se requiera, el Coordinador GIT Contratación y/o Profesional desigando, debe Verificar que tanto la norma como el proceso se aplique en cada elaboración de contratos y/o convenios de manera adecuada (Etapa Precontractual), Validar por el abogado encargado, en el manual de contratación y el Estatuto de Contratación, la modalidad del mismo según su naturaleza y cuantía. (Etapa Precontractual), a traves de la revisión de los estudios previos. En caso de identificar desviaciones en la ejecución del control, De no adecuarse la modalidad a la naturaleza y a la cuantía, comunicar al área solicitante para que ajuste su requerimiento según el caso. . De la ejecución de los controles se generará la siguiente evidencia: Base de datos de contratos en los que se registra la modalidad de contratación utilizada en el proceso | K16: Preventivo | L16: Si | M16: Si | N16: Si | O16: Reducir (Mitigar) | P16: Extrema | Q16: SI | R16: Si | S16: R2-Acc-1: Implementar Flujos de aprobación en Secop, que garanticen que el contrato sea revisado por varios profesionales que puedan identificar posibles inconsistencias | T16: Flujo de aprobación en Secop | U16: 01/01/2026 al 30/11/2026 | V16: En curso | W16: En curso | X16: No | Y16: No aplica | Z16: No aplica | AA16: No aplica | AB16: Si | AC16: Durante el I cuatrimestre de 2026 no se evidenció la materialización del riesgo. Con relación con los controles: R2-Cont-1: Se sugiere al proceso mantener la continuidad en la ejecución del control con el fin de mantener su efectividad dentro del sistema de control interno de la ejecución del control se identifico como evidencia el archivo: "CONTRATOS PRIMER CUATRIMESTRE - BASE CON MODALIDAD" R3-Cont-1: Se sugiere al proceso mantener la continuidad en la ejecución del control con el fin de mantener su efectividad dentro del sistema de control interno de la ejecución del control se identifico como evidencia el archivo: "Base Liquidaciones 2026". R4-Cont-1: Se sugiere al proceso mantener la continuidad en la ejecución del control con el fin de mantener su efectividad dentro del sistema de control interno de la ejecución del control se identifico como evidencia el archivo: "CONTRATOS PRIMER CUATRIMESTRE - EVALUACION COMPETITIVOS". R2-Acc-1: Acción iniciada para el presente cuatrimestre, presenta el documento 20260427 FLUJOS DE APROBACION, el cual se sugiere sea considerada su inclusión enla estructira documental del proceso Adquisición de Bienes y Servicios . R3-Acc-1: Acción iniciada para el presente cuatrimestre. Se identifican 27 archivos relacionados con alertas de contratosestan próximos a perder competencia para liquidar para las dependencias del Despacho del Ministerio, Dirección de Fomento y Desarrollo, Dirección de Recursos y Herramientas, Dirección de Posicionamiento y Despacho Secretario General (en particular para TICS, Talento Humano, Gestión Contable, Gestión Administrativa). R4-Acc-1: La acción se encuentra iniciada para el presente cuatrimestre, evidenciándose la identificación de 15 documentos correspondientes a subsanaciones de inconsistencias contractuales. No obstante, en términos de fortalecimiento del control y seguimiento, se recomienda implementar un cuadro de alertas que permita identificar oportunamente los contratos próximos a perder competencia para su liquidación, con el fin de mitigar riesgos asociados a vencimientos de términos y asegurar la gestión oportuna de los procesos contractuales. Indicadores R2, R3 y R4: Se evidencia la medición de los indicadores por lo que se recomienda fortalecer la gestión en la medición y análisis de indicadores como insumo clave para la gestión preventiva del riesgo. | AD16: R2-Cont-1 R3-Cont-1 R4-Cont-1 | AE16: R2-Acc-1 R3-Acc-1 R4-Acc-1 | AI16: =3+3+3+5+3+3+3+2+2 -> 27
C17: R3: Posibilidad de afectación económica por multas, sanciones o investigaciones disciplinarias, fiscales y penales debido a la liquidación incorrecta de contratos o no liquidación de los mismos en los plazos acordados en el contrato o los establecidos por la Ley | H17: Extremo | I17: Si | J17: R3-Cont-1: Cada vez que se requiera, el Coordinador GIT Contratación y/o el profesional designado, debe realizar el seguimiento a la base de datos de los procesos para liquidar, actualizando el listado de los procesos que deben entrar en esta fase . En caso de identificar desviaciones en la ejecución del control, se deberá reportar al director y/o jefe del área los procesos que no estan incluidos y realizar la actualización de manera inmediata. De la ejecución de los controles se generará la siguiente evidencia: Base de datos de Liquidaciones. | K17: Detectivo | L17: Si | M17: Si | N17: Si | O17: Reducir (Mitigar) | P17: Extrema | Q17: SI | R17: Si | S17: R3-Acc-1: Generar alertas con los lideres del equipo liquidaciones de las diferentes areas del Ministerio del deporte | T17: Memorandos enviados a los directores y jefes de área con lo contratos que estan próximos a perder competencia para liquidar | U17: 01/01/2026 al 30/11/2026 | V17: En curso | W17: En curso | AB17: Si
C18: R4: Posibilidad de afectación económica y reputacional por multas o sanciones de los entes de control debido al incumplimiento de las formalidades legales para la selección objetiva del contratista | H18: Extremo | I18: Si | J18: R4-Cont-1: Cada vez que se requiera, el Coordinador GIT Contratación y/o el profesional designado, debe verificar la evaluación de propuestas de manera rigurosa, realizando la revisión de propuestas mediante la lista de chequeo corespondiente. A través de un análisis de los requisitos y verificación del cumplimiento de los mismos. En caso de identificar desviaciones en la ejecución del control, reportar al oferente en la lista de chequeo y en la evaluación el resultado de la misma para el subsane o rechazo, según el caso. De la ejecución de los controles se generará la siguiente evidencia: Evaluación de los procesos competitivos en los casos que aplique | K18: Preventivo | L18: Si | M18: Si | N18: Si | O18: Reducir (Mitigar) | P18: Extrema | Q18: SI | R18: Si | S18: R4-Acc-1: Revisar los estudios previos buscando identificar posibles incumplimientos en las formalidades legales requeridas para la suscripción del proceso | T18: Muestra de correos electrónicos solicitando subsanar las inconsistencias encontradas | U18: 01/01/2026 al 30/11/2026 | V18: En curso | W18: En curso | AB18: Si
A19: Inspección Vigilancia y Control | B19: IVC | C19: R2: Posibilidad de afectación Reputacional por fallas en la articulación entra e intersectorial, que generen discontinuidad en los procesos de política pública, específicamente en su implementación , seguimiento y evaluación. | D19: 46113 | E19: 46146 | F19: 46146 | G19: Misional | H19: Moderado | I19: Si | J19: R2-Cont-1: Mensualmente, el coordinador GIT responsable, reorganiza las tareas de de acuerdo con las cargas laborales del personal existente, priorizando las actividades según su nivel de criticidad en cumplimiento de los procedimientos de la Dirección. En caso de desviación, el coordinador informará al Director, especificando las actividades pendientes y el número de trámites por ejecutar, así como la cantidad de personal disponible, con el fin de apoyar la toma de decisiones. De la ejecución del control, se genera la siguiente evidencia: correos informando al Director situaciones críticas, informes mensuales de gestión, alertas de los coordinadores. | K19: Preventivo | L19: Si | M19: Si | N19: Si | O19: Reducir (Mitigar) | P19: Moderada | Q19: Parcialmente | R19: Si | S19: R1-Acc-1: Socializar los responsables del manejo, control de cambios, actualización y permisos de acceso a las bases de datos y expedientes de la Dirección. | T19: 1. Correo electronico de socialización | U19: 01/05/2026 al 12/12/2026 | V19: No aplica para el cuatrimestre | W19: No aplica para el cuatrimestre | X19: Si | Y19: Si | Z19: Si | AA19: Si | AB19: No | AC19: Durante el I cuatrimestre de 2026 no se evidenció la materialización del riesgo. R2-Cont-1: Se sugiere al proceso mantener la continuidad en la ejecución del control con el fin de mantener su efectividad dentro del sistema de control interno de la ejecución del control se identifico como evidencia los archivos: Informe De Gestión de los meses de enero, febrero y marzo de la vigencia 2026 del GIT de Deporte Aficionado. No se identifica evidencia de gestión de los otros grupos internos de trabajo de IVC. R2-Cont-2:Se sugiere al proceso mantener la continuidad en la ejecución del control, con el propósito de preservar su efectividad dentro del Sistema de Control Interno. En la verificación realizada, se identificó como evidencia los archivos “Permisos Dirección” y “Base_05_Reparto de correspondencia”; sin embargo, al revisar el contenido de este último, se evidenció que la columna “entregado” no se encuentra diligenciada, lo cual limita la trazabilidad y el cumplimiento del objetivo del control. Con relación al Plan de Tratamiento del Riesgo: R1-Acc-1: La acción para el presente cuatrimestre no requiere inicio de ejecución R1-Acc-2: Acción iniciada para el presente cuatrimestre. Se identifica como evidencia la Base da datos de los actos administrativos por cada GIT de la Dirección de la que se identifican 13 registros que carece de la información explicita de los responsables de la actuación administrativa. Indicadores R1: No se evidencia la medición de los indicadores por lo que se recomienda fortalecer la gestión en la medición y análisis de indicadores como insumo clave para la gestión preventiva del riesgo. | AD19: R2-Cont-1 R2-Cont-2 | AE19: R1-Acc-1 R1-Acc-2
I20: Si | J20: R2-Cont-2: Semestralmente, el Coordinador del GIT responsable, verifica la información almacenada en las bases de datos de los procesos administrativos sancionatorios con vencimientos próximos. Cada coordinador, junto con el gestor documental, revisa las bases de datos para elaborar el plan de descongestion, priorizando los expedientes que están a punto de vencer. En caso de detectarse una desviación del proceso sancionatorio se tramitará de manera perentoria. De la ejecución del control, se generarán las siguientes evidencias: la base de datos de asignación de procesos y los correos electrónicos (cuando aplique). | K20: Detectivo | L20: Si | M20: Si | N20: Si | Q20: SI | R20: Si | S20: R1-Acc-2: Llevar un registro detallado de los actos administrativos por cada GIT de la Dirección, para identificar los actos que se expiden así como los responsables del mismo. | T20: Base da datos | U20: 01/01/2026 al 12/12/2026 | V20: En curso | W20: En curso
A21: Gestión Jurídica | B21: GJ | C21: R2: Posibilidad de afectación reputacional por debilidades en el seguimiento al registro de las actuaciones procesales en el sistema e-KOGUI por parte de los abogados que asumen la defensa judicial, debido a la desactualización de la información reportada de los procesos judiciales en el sistema e-KOGUI | D21: 45595 | E21: 45595 | F21: 46147 | G21: Apoyo | H21: Moderado | I21: Si | J21: R2-Cont-1: Cada vez que se requiera (de acuerdo a las actuaciones procesales suceptibles de reporte en la plataforma e- KOGUI respecto de los procesos judiciales y de las solicitudes de conciliacion extrajudicial a cargo del respectivo abogado) , el jefe de la Oficina Asesora Juridica, debera verificar la información que es suceptible de reporte en la plataforma para su registro correspondiente através del aplicativo y demás insumos documentales que se requieran para este efecto a nivel interno. En caso de identificar desviaciones en la ejecución del control, el Jefe de la Oficina Asesora Jurídica solicitara al abogado que corresponda de manera inmediata el informes remitidos por los apoderados que ejercen la defensa judicial sobre las actualizaciones y/o actuaciones en el sistema E-Kogui y correo electrónico institucional remisorio por parte de la Jefe de la OAJ requiriendo la actualización. | K21: Preventivo | L21: Si | M21: Si | N21: Si | O21: Aceptar | P21: Moderada | Q21: SI | R21: SI | S21: R2-Acc-1: Reportar las actualizaciones realizadas en el aplicativo e-KOGUI , dentro del informe mensual remitidos por los apoderados que ejercen la defensa judicial al jefe de la OAJ sobre las actualizaciones y/o actuaciones en el sistema E-Kogui | T21: Informe mensual de las actualizaciones en E-Kogui al Jefe de la OAJ | U21: 01/03/2026 al 05/12/2026 | V21: En curso | W21: En curso | X21: No | Y21: No aplica | Z21: No aplica | AA21: No aplica | AB21: Si | AC21: Durante el I cuatrimestre de 2026 no se evidenció la materialización del riesgo. Con relación con los controles: R2-Cont-1: Se sugiere al proceso mantener la continuidad en la ejecución del control con el fin de mantener su efectividad dentro del sistema de control interno de la ejecución del control se identifico como evidencia el archivo:Informe mensuales apoderados actualizaciones en el sistema E-Kogui R4-Cont-1: Se sugiere al proceso mantener la continuidad en la ejecución del control, con el fin de preservar su efectividad dentro del Sistema de Control Interno. En la verificación realizada, se identificó como evidencia el archivo denominado “Informe mensuales apoderados actualizaciones en el sistema E-Kogui”; no obstante, al revisar su contenido, se evidenció que la columna “¿SE PRESENTÓ OPORTUNAMENTE? SI/NO” se encuentra sin diligenciar, lo que limita la validación del cumplimiento oportuno y la efectividad del control. Con relación al Plan de Tratamiento del Riesgo: R2-Acc-1: Acción iniciada para el presente cuatrimestre. R2-Acc-2: La acción para el presente cuatrimestre no requiere inicio de ejecución, el proceso (GJ) presenta el Informe mensuales apoderados actualizaciones en el sistema E-Kogui, evidencia que corresponde a la periodicidad y lo establecido en el plan de tratamiento. R4-Acc-1: La acción para el presente cuatrimestre no requiere inicio de ejecución Indicadores R2 y R4: Se sugiere a la segunda línea de defensa realizar una retroaliamentación más explicita en los monitoreos. El proceso (GJ) presenta: Evidenica Indicador Clave del Riesgo - Reporte Ekogui y Evidencia Indicador Clave del Riesgo - BASE PROCESOS CONTROVERSIAS CONTRACTUALES, en este sentido, se evidencia la medición de los indicadores por lo que se recomienda fortalecer la gestión en la medición y análisis de indicadores. | AD21: R2-Cont-1 R4-Cont-1 | AE21: R2-Acc-1 R2-Acc-2 R4-Acc-1
S22: R2-Acc-2: Elaborar y socializar circular que imparta los lineamientos frente al reporte de la información oportuna en la plataforma e-KOGUI. | T22: Circular | U22: 46189 | V22: No aplica para el cuatrimestre | W22: No aplica para el cuatrimestre
C23: R4: Posibilidad de afectación económica por caducidad del medio de control de controversias contractuales, debido a debilidades en el ejercicio de la supervisión sobre los convenios interadministrativos suscritos por el Ministerio del Deporte y los entes territoriales | H23: Moderado | I23: Si | J23: R4-Cont-1: Cada vez que se requiera, el abogado designado por el Jefe de la Oficina, verifica los términos para la presentación de las demandas a instaurar oportunamente a través del medio de control de controversias contractuales con el fin de determinar si se configura el fenomeno juridico de la caducidad. En caso de identificar desviaciones en la ejecución del control, el abogado designado comunicará a la direccion tecnica que haya remitido la solicitud de inicio de accion judicial con ocasion del incumplimiento y liquidacion judicial de los contratos o convenios suscritos por el Ministerio del Deporte mediante correo electronico y/o memorando GESDOC. Como evidencia de la actividad se aportará la base de datos con el número de demandas instauradas opotunamente a traves del medio de control de controversias contractuales. | K23: Preventivo | L23: Si | M23: Si | N23: Si | O23: Reducir (Mitigar) | P23: Baja | Q23: SI | R23: SI | S23: R4-Acc-1: Elaborar y socializar circular en la cual se conmine a las direcciones tecnicas del Ministerio del Deporte a adelantar la liquidacion de los contratos o convenios dentro de los plazos contractuales y legales con el fin de evitar que opere el fenomeno juridico de la caducidad de la accion del medio de control | T23: Circular | U23: 20/08/2026 al 15/11/2026 | V23: No aplica para el cuatrimestre | W23: No aplica para el cuatrimestre
A24: Gestión de los Recursos Físicos | B24: RF | C24: R2: Posibilidad de afectación económica y reputacional por la falta de lineamientos para contingencias en el Servicio de Vigilancia y Seguridad, debido a deficiencias en la comunicación entre el GIT de Gestión Administrativa y servicios tercerizados, ausencia de controles operativos. | D24: 46107 | E24: 46107 | F24: 46146 | G24: Apoyo | H24: Moderado | I24: Si | J24: R2-Cont-1: El Supervisor o apoyo a la supervisión del Contrato, realizará seguimientos bimensuales con el supervisor designado de la empresa de vigilancia, a través de reuniones, para hacer seguimiento preventivo a las novedades presentadas en el periodo en concordancia con la ejecución del contrato. En caso de desviación, el(la) coordinador(a) del GIT: Administrativa, notificara al supervisor designando por el Ministerio y al supervisor del contrato tercerizado de Vigilancia y Seguridad para tomar decisiones de acuerdo con el evento o situación presentada. De ejecución de los controles se generan las siguientes evidencias: 1. Actas de reunión y correos electronicos. 2. correos electronicos e Informes de novedad de la empresa de vigilancia (cuando se requiera) | K24: Preventivo | L24: Si | M24: Si | N24: Si | O24: Reducir (Mitigar) | P24: Moderada | Q24: Parcialmente | R24: Si | S24: R2-Acc-1: Realizar visita de inspección de imprevisto, para verificar el funcionamiento del circuito. | T24: Acta de visita y registro fotografico | U24: 30/01/2026 al 15/12/2026 | V24: En curso | W24: En curso | X24: Si | Y24: No aplica | Z24: No aplica | AA24: No aplica | AB24: No | AC24: Durante el I cuatrimestre de 2026 no se evidenció la materialización del riesgo. Con relación con los controles: R2-Cont-1: Se sugiere al proceso mantener la continuidad en la ejecución del control, con el fin de preservar su efectividad dentro del Sistema de Control Interno. En la verificación realizada, se identificó como evidencias archivos de ejecución del control de los meses enero, febrero y marzo de 2026, sin la presentación de la información del mes de abril, lo que limita la validación del cumplimiento oportuno y la efectividad del control. R2-Cont-2: En la verificación realizada, se identificó como evidencias archivos de ejecución del control de los meses enero, febrero y marzo de 2026, sin la presentación de la información del mes de abril, lo que limita la validación del cumplimiento oportuno y la efectividad del control. R3-Cont-1: Se sugiere al proceso mantener la continuidad en la ejecución del control, con el fin de garantizar su efectividad dentro del Sistema de Control Interno. En la revisión realizada, se evidencian soportes correspondientes a los meses de enero, febrero y marzo en relación con el mantenimiento de los vehículos, exceptuando el mes de abril. Adicionalmente, en el archivo denominado “Plan Anual de Mantenimiento y Suministro de Combustible al Parque Automotor – RF-FR-030” se identificó que el campo “VIGENCIA DEL PLAN DE MANTENIMIENTO” se encuentra sin diligenciar, lo cual afecta la integridad de la información y la trazabilidad del control. Con relación al Plan de Tratamiento del Riesgo: R2-Acc-1: Acción iniciada para el presente cuatrimestre. El proceso presenta como evidencia cinco (5) elementos correspondientes a la ejecución de la acción. No obstante, el acta de visita de inspección imprevista correspondiente a la reunión del 31/03/2023 se encuentra incompleta, lo cual limita la verificación por parte de la tercera línea de defensa, especialmente considerando que la periodicidad del control es mensual. R3-Acc-1: Para el presente cuatrimestre se evidencia el inicio de la acción; sin embargo, el proceso no presenta el procedimiento “Mantenimiento y Control de Vehículos” (RF-PD-005), el cual tiene como plazo de ejecución el 30/07/2026, por lo que su verificación deberá realizarse en el siguiente seguimiento cuatrimestral de la vigencia 2026. De igual forma, no se evidencia avance en el diligenciamiento o implementación del formato de inspección preoperacional, lo que limita la trazabilidad de la ejecución de la acción. Adicionalmente, el proceso aporta como soporte el Plan de Mejoramiento EI-FR-017; no obstante, este documento no corresponde al plan de tratamiento definido para la acción, generando inconsistencias en la evidencia presentada frente a lo programado. Indicadores R2 y R3:No se evidenció la medición de los indicadores establecidos para los riesgos evaluados para la identificación oportuna de desviaciones y la adopción de acciones preventivas en materia de gestión del riesgo. As imismo, en la revisión efectuada se observó que la segunda línea de defensa no registró pronunciamientos frente a la ausencia de medición de los indicadores. | AD24: R2-Cont-1 R2-Cont-2 R3-Cont-1 R2-Cont-1 R2-Cont-2 R3-Cont-1 | AE24: R2-Acc-1 R3-Acc-1 R2-Acc-1 R3-Acc-1
I25: Si | J25: R2-Cont-2: El Supervisor o apoyo a la supervisión del Contrato, Realizará mesa tecnica mensual de seguimiento preventivo con la empresa de vigilancia y seguridad, A traves de reuniones convocadas por correo electronico. En caso de desviación, Se reprogramara la reunión. De ejecución de los controles se generan las siguientes evidencias: 1. Actas de reunión y correos electronicos. 2. correos electronicos e Informes de novedad de la empresa de vigilancia (cuando se requiera) | K25: Preventivo | L25: Si | M25: Si | N25: Si | O25: Reducir (Mitigar) | P25: Moderada | Q25: Parcialmente | R25: Si
C26: R3: Posibilidad de afectación económica y/o reputacional por vida útil vencida del parque automotor, imprevistos en el parque automotor: fallas mecánicas inesperadas, desgastes físicos, Incumplimiento de obligaciones legales, accidentes de tránsitos, debido a Falta de un diagnóstico técnico para identificar la vulnerabilidad y estado del parque automotor | I26: Si | J26: R3-Cont-1: El Profesional y/o Contratista del GIT asignado,realiza seguimiento mensual del estado del parque automotor en relación al cumplimiento de tecnomecanica,SOAT, mantenimientos preventivos y correctivos. A través de seguimientos mensual diligenciando los formatos correspondientes en el que registran cada uno de los vehiculos activos de aucerdo con el plan de mantenimiento preventivo y correctivos, SOAT y Tecnicomecánica, para su control.En caso de desviacion, se escalan las situaciones ante el coordinador del GIT: Gestión Administrativa para la toma decisiones, teniendo en cuenta lo establecido los contratos.Evidencia: 1. Registro de formatos (RF-FR-003, RF-FR030,RF-FR-004) 2. Correo electronico al coordinador del GIT: Gestión Administrativa (Cuando aplique) | K26: Preventivo | L26: Si | M26: Si | N26: Si | Q26: Parcialmente | R26: Si | S26: R3-Acc-1: Actualización del procedimiento mantenimiento y control de vehiculos RF-PD-005 y sus documentos asociados e: Incluir la creación del formato inspección preoperacional | T26: Procedimiento y formatos aprobado en ISOLUCION. | U26: 30/03/2026 al 30/07/2026 | V26: En curso | W26: NO | AB26: No
A27: Gestión Documental | B27: GD | C27: R2: Posibilidad de afectación reputacional por falencias en la organización documental de acuerdo con las series y subseries, resistencia al cambio por parte de los funcionarios y Contratistas y Socialización de los lineamientos documentados que permitan articular la gestión documental. debido a la Inadecuada aplicación de los instrumentos archivísticos | D27: 46134 | E27: 46136 | F27: 46139 | G27: Apoyo | H27: Moderado | I27: Si | J27: R2-Cont-1: El profesional en Gestión Documental, realiza la verificacion de la organización documental por dependencia de acuerdo a lo establecido en los intrumentos de gestión documental..A traves de visitas programadas con los gestores documentales, se realiza la revisión de estado de la organización de los expedientes de acuerdo a los intrumentos de gestión documenta. En caso de identificar desviaciones del control se deja mediante acta las observaciones encontradas para que la dependencia subsane o en su defecto se apliquen los procedimientos o manuales que correspondan. De la ejecución de los controles se generará la siguiente evidencia: actas de reunión, listas de asistencia. | K27: Detectivo | L27: Si | M27: Si | N27: Si | O27: Reducir (Mitigar) | P27: Moderada | Q27: SI | R27: Si | S27: R2-Acc-1: Realizar capacitaciones a funcionarios y contratistas por dependencia para la socialización de la tabla de retención documental y los instrumentos archivisticos de competencia. | T27: Lista de Asistencia y actas | U27: 15/01/2026 al 15/12/2026 | V27: En curso | W27: NO | X27: No | Y27: No aplica | Z27: No aplica | AA27: No aplica | AB27: No | AC27: Durante el I cuatrimestre de 2026 no se evidenció la materialización del riesgo. Con relación con los controles: R2-Cont-1: Se sugiere al proceso mantener la continuidad en la ejecución del control, con el fin de preservar su efectividad dentro del Sistema de Control Interno. En la verificación realizada, se identificó como evidencia el archivo denominado “lista de asistencia_incentivos”; no obstante, el proceso no aporta las actas de reunión correspondientes, lo cual limita la trazabilidad de la actividad ejecutada y la validación integral del cumplimiento del control. Con relación al Plan de Tratamiento del Riesgo: R2-Acc-1: La acción debía encontrarse iniciada para el presente cuatrimestre; no obstante, el proceso (GD) no evidencia avance en su ejecución, lo cual denota un posible incumplimiento frente a la programación establecida y limita el seguimiento actual. Indicadores R2: No se evidenció la medición de los indicadores establecidos para los riesgos evaluados para la identificación oportuna de desviaciones y la adopción de acciones preventivas en materia de gestión del riesgo. As imismo, en la revisión efectuada se observó que la segunda línea de defensa no registro pronunciamientos frente a la ausencia de medición de los indicadores. | AD27: R2-Cont-1 | AE27: R2-Acc-1
A28: Gestión Proceso Disciplinario | B28: GP | C28: R3: Posibilidad de afectación reputacional, por represamiento de las noticias disciplinarias, pendientes por reparto, para iniciar impulso procesal debido a fallas en el monitoreo de las quejas y/o denuncias disciplinarias, allegadas por los canales atención del Ministerio Del Deporte | D28: 46132 | E28: No informa | F28: 46149 | G28: Evaluación | H28: Moderado | I28: Si | J28: R3-Cont-1: El jefe de la Oficina de Control Interno Disciplinario o el profesional asignado verifica diariamente el registro y la asignación de las noticias disciplinarias recibidas a través de los canales de atención, asegurando que estas sean repartidas oportunamente a los abogados instructores para el inicio del impulso procesal. Para ello, realiza seguimiento a los registros en los sistemas institucionales y valida su asignación mediante los reportes generados en el aplicativo GESDOC, que permiten evidenciar la trazabilidad del ingreso, registro y reparto de las noticias disciplinarias. La evidencia de la ejecución del control es un muestreo de los reportes generados desde el aplicativo GESDOC, los cuales evidencian el ingreso, registro y asignación por reparto de las noticias disciplinarias, garantizando la trazabilidad del proceso | K28: Preventivo | L28: Si | M28: Si | N28: Si | O28: Reducir (Mitigar) | P28: Moderada | Q28: SI | R28: Si | S28: R3-Acc-1: Gestionar la asignación oportuna de las noticias disciplinarias que se encuentren pendientes o con retraso en su reparto, mediante el seguimiento a la base de datos de procesos disciplinarios, con el fin de garantizar el inicio del impulso procesal. | T28: Base de datos de procesos disciplinarios que evidencie el número de expediente, fecha de la última acta de reparto y abogado asignado, permitiendo verificar la trazabilidad y asignación de los procesos disciplinarios. La información se presenta de manera parcial o anonimizada, en cumplimiento de la reserva legal de la información disciplinaria. | U28: 01/01/2026 al 31/12/2026 | V28: En curso | W28: En curso | X28: No | Y28: No aplica | Z28: No aplica | AA28: No aplica | AB28: No | AC28: Durante el I cuatrimestre de 2026 no se evidenció la materialización del riesgo. Con relación con los controles: R3-Cont-1: Se sugiere al proceso mantener la continuidad en la ejecución del control con el fin de mantener su efectividad dentro del sistema de control interno de la ejecución del control se identifico como evidencia el archivo: 2026424_1935 con 62 registros. Con relación al Plan de Tratamiento del Riesgo: R3-Acc-1: Para el presente cuatrimestre se evidencia el inicio de la acción. El proceso (GP) presenta como soporte una base de datos correspondiente a los procesos disciplinarios de la vigencia 2026, en la cual se registran 19 ID EXPEDIENTES. Indicadores R3: Se evidenció que el indicador reportado en la ficha de seguimiento no coincide con la fórmula del indicador definida en el mapa de riesgos, situación que puede afectar la consistencia y confiabilidad de la información utilizada para el monitoreo del riesgo. Asimismo, no se encontraron las evidencias que soportan la medición y los resultados del indicador descritos en el seguimiento, lo que limita la trazabilidad y verificación de la información reportada. Adicionalmente, se observó que la segunda línea de defensa no realizó observaciones ni emitió pronunciamiento respecto de estas inconsistencias, por lo que se recomienda fortalecer las actividades de monitoreo y revisión. | AD28: R3-Cont-1 | AE28: R3-Acc-1
A29: Proceso Gestión Ambiental | B29: GA | C29: R1: Posibilidad de afectación reputacional por la inobservancia de la normatividad ambiental vigente aplicable a nivel Administrativo, debido a la falta de seguimiento a los lineamientos emitidos por el ente rector en la gestión Ambiental en concordancia con el Plan de Trabajo Ambiental | D29: 46134 | E29: 46141 | F29: 46142 | G29: Apoyo | H29: Moderado | I29: Si | J29: R1-Cont-1: El profesional designado para el proceso Gestión Ambiental_GIT Gestión Administrativa, verificará que se de cumplimiento a lo establecido en los programas ambientales, a través del monitoreo mensual al Plan de trabajo ambiental, en el reporte al indicador "porcentaje de avance en la implementación del Plan de trabajo del Sistema de Gestión Ambiental . En caso de presentarse desviación del control, se realizara el reporte de la actividad incumplida en el siguiente mes, siempre y cuando, no implique incumplimiento normativo. De la ejecución del control, se genera la siguiente evidencia: 1-Plan de trabajo 2- Reporte del indicador: incluye evidencias aportadas. | K29: Preventivo | L29: Si | M29: Si | N29: Si | O29: Reducir (Mitigar) | P29: Baja | Q29: SI | R29: Si | S29: R1-Acc-1: Realizar mesa de trabajo en conjunto con el coordinador del GIT de Contratación para establecer lineamientos normativos de la Gestión Ambiental, en la minuta y que apliquen a las OPS y demás contratos que afecten el funcionamiento administrativo de la entidad | T29: Acta de reunión de la mesa de trabajo. Modelo del párrafo a incluir en la minuta de los contrato | U29: 15/03/2026 al 01/11/2026 | V29: En curso | W29: En curso | X29: No | Y29: No aplica | Z29: No aplica | AA29: No aplica | AB29: Si | AC29: Durante el I cuatrimestre de 2026 no se evidenció la materialización del riesgo. Con relación con los controles: R1-Cont-1: Se sugiere al proceso mantener la continuidad en la ejecución del control, con el fin de preservar su efectividad dentro del Sistema de Control Interno. En la verificación realizada, se identificaron evidencias correspondientes a la ejecución del Plan de Trabajo del Sistema de Gestión Ambiental para los meses de enero, febrero y marzo de 2026; no obstante, no se evidencia la información correspondiente al mes de abril, lo cual limita la validación del cumplimiento oportuno y la efectividad del control conforme a su periodicidad. R1-Acc-1: El proceso presenta avance de la acción mediante la presentación del acta de reunión del dia 17/02/2026 con la inclusión de tres (3) compromisos. Indicadores R1: No se evidenció la medición de los indicadores definidos para el seguimiento de los riesgos, Asi mismo, se observó que la segunda línea de defensa no realizó observaciones , por lo que se recomienda fortalecer las actividades de monitoreo y acompañamiento. | AD29: R1-Cont-1 | AE29: R1-Acc-1
A30: Fomento al Desarrollo Humano y Social | B30: FD | C30: R2: Posibilidad de afectación económica y reputacional por las demoras en el inicio de la ejecución de los programas a desarrollar en los convenios interadministrativos o contratos debido a la entrega incompleta y/o inoportuna de la documentación precontractual en el marco de los convenios y/o contratos | D30: 46138 | E30: 46139 | F30: No informa | G30: Misional | H30: Alto | I30: Si | J30: R2-Cont-1: Para el primer trimestre de la vigencia el y/o los supervisores de los GIT de la Dirección de Fomento y Desarrollo (Actividad Fìsica, Recreaciòn, Deporte Escolar, Deporte Social Comunitario), Inician el proceso de planeacion estrategica de la Direccion de Fomento y Desarrollo desde el mes de Diciembre del anterior , con el fin de iniciar los procesos contractuales en el primer trimestre de la vigencia, a través del Plan de Acción las prioridades a ejecutar en la vigencia siguientes. En caso de identificar desviaciones en la ejecución del control, notificar al Director de Fomento y Desarrollo la clusula que establece el inicio de los programas, ., para solicitar modificación al PAI. De la ejecución del control se registran las siguientes evidencias: 1- cronograma de inversión 2- Proyecto de PAI | K30: Detectivo | L30: Si | M30: Si | N30: Si | O30: Reducir (Mitigar) | P30: Alto | Q30: SI | R30: Si | S30: R2-Acc-1: Generar alertas preventivas a los operadores, frente al cumplimiento y avance de acuerdo con el cronograma | T30: Correos electrónicos. Comunicaciones oficiales remitidas a operadores. Registros en Gesdoc. Cronogramas de seguimiento y ejecución contractual. Matrices de seguimiento al avance contractual. | U30: 1/03/2026 al 15//12/2026 | V30: En curso | W30: En curso | X30: No | Y30: No aplica | Z30: No aplica | AA30: No aplica | AB30: No | AC30: Durante el I cuatrimestre de 2026 no se evidenció la materialización del riesgo Con relación con los controles: R2-Cont-1: El proceso no presentó las evidencias de ejecución del control establecidas, correspondientes al cronograma de inversión y al Proyecto de PAI, lo cual limita la verificación del cumplimiento del control y su efectividad dentro del Sistema de Control Interno. R2-Cont-2: Se evidencia que las evidencias aportadas por el proceso son inexistentes frente a lo definido en el control. No obstante, únicamente el GIT de Recreación remitió soportes para el seguimiento realizado, mientras que los demás Grupos Internos de Trabajo no aportaron evidencias relacionadas con la ejecución de los controles y acciones establecidos para el riesgo. Esta situación limita la verificación integral del cumplimiento de las actividades definidas y la efectividad de los controles en el marco del Sistema de Control Interno. Con relación al Plan de Tratamiento del Riesgo: R2-Acc-1: El proceso presenta avance de la acción mediante la presentación del cronogrma de eventos del GIT de Recreación para abril, mayo y junio de 2026. No obstante, no se encuentran cronogramas de los otros grupos internos de trabajo de la Dirección de Fomento y Desarrollo. Indicadores R2: El proceso (FD) presenta la ficha del indicador sin evidencia. La segunda linea de defensa no presenta el monitoreo. | AD30: R2-Cont-1 R2-Cont-2 | AE30: R2-Acc-1
I31: Si | J31: R2-Cont-2: Cada vez que se requiera, el y/o los supervisores de los GIT de la Dirección de Fomento y Desarrollo (Actividad Fìsica, Recreaciòn, Deporte Escolar, Deporte Social Comunitario), deben revisar y verificar el cronograma de inicio de las actividades, De acuerdo con un cronograma de actividades aceptado por el ministerio del deporte En caso de identificar desviaciones en la ejecución del control, notificar al Director de Fomento y Desarrollo las dificultades presentadas por el ente ejecutor y establecer un plan de trabajo que permita subsanar la situacion. De la ejecución del control se genera las siguientes evidencias: 1. minuta del contrato 2- cronograma de actividades 3- Oficio al operador (cuando aplique) Frecuencia: Cuattrimestral | K31: Preventivo | L31: Si | M31: Si | N31: Si | O31: Reducir (Mitigar) | P31: Alta | Q31: Parcialmente | V31: SI | W31: SI
A32: Evaluación Independiente y Mejora Continua | B32: EI | C32: R2: Posibilidad de afectación reputacional por insuficiencia de recursos técnicos, presupuestales o de talento humano, por falta de seguimiento al cumplimiento del PAAI o por falta de entrega de información de por parte de los procesos, debido a la deficiente ejecución del Plan Anual de Auditoría Interna -PAAI. | D32: 45771 | E32: 46139 | F32: 46140 | G32: Evaluación | H32: Moderado | I32: Si | J32: R2-Cont-1: Mensualmente el Jefe de la Oficina de Control Interno o quien haga sus veces realizará seguimiento al cumplimiento del Plan Anual de Auditoría Interna a través de un documento de trabajo en Excel para el seguimiento de las actividades de la OCI, validando su estado, el número radicado de cada informe emitido y el cumplimiento de la programación establecida. Además, una vez aprobado el PAAI de la vigencia, socializará el resultado en una mesa de trabajo con el equipo de la OCI para definición de responsables de las actividades. En caso de identificar desviaciones en la ejecución del control, tales como insuficiencia de recursos técnicos, presupuestales o de talento humano, realizará requerimiento al Despacho de la Ministra o a la Secretaría General; en el caso de ser atribuible al auditor, se le requierá mediante correo electrónico para el cumplimiento de este y si se debe a falta de entrega de información de por parte de los procesos se genera alerta mediante memorando GESDOC. De la ejecución de los controles se generará la siguiente evidencia: archivo de Excel del seguimiento y, cuando aplique, correo electrónico o GESDOC y actas de seguimiento. | K32: Preventivo | L32: Si | M32: Si | N32: Si | O32: Reducir (Mitigar) | P32: Moderada | Q32: SI | R32: Si | S32: 1. Efectuar revisión y análisis de la documentación del proceso Evaluación Independiente y Mejora Continua -EI, incluyendo los puntos de control, elementos e insumos para la ejecución de actividades. | T32: 1. Plan de Trabajo 2. Documentos proyectados por el proceso y revisados por la Oficina Asesora de Planeación, en flujo de aprobación de Isolución | U32: 02/05/2026 al 31/10/2026 | V32: SI | W32: SI | X32: No | Y32: Si | Z32: Si | AA32: Si | AB32: Si | AC32: Durante el I cuatrimestre de 2026 no se evidenció la materialización del riesgo Con relación con los controles: R2-Cont-1: Se sugiere al proceso mantener la continuidad en la ejecución del control con el fin de mantener su efectividad dentro del sistema de control interno de la ejecución del control se identifico como evidencian los archivos de Matriz Seguimiento PAAI y Correos Alertas R2-Cont-2: Se sugiere al proceso mantener la continuidad en la ejecución del control con el fin de mantener su efectividad dentro del sistema de control interno de la ejecución del control se identifico como evidencian los archivos de Actualizacion PAAI y Convocatoria CICCI R2-Acc-1: La acción para el presente cuatrimestre no requiere inicio de ejecución. Indicadores R2: El proceso presenta la ficha del indicador junto con sus evidencias. | AD32: R2-Cont-1 R2-Cont-2 | AE32: R2-Acc-1
I33: Si | J33: R2-Cont-2: Trimestralmente el jefe de la Oficina de Control Interno o quien haga sus veces evaluará la planeación del PAAI mediante el seguimiento mensual al cumplimiento del PAAI, las solicitudes de modificación o actualización de PAAI recibidas o cambios normativos. En caso de identificar desviaciones en la ejecución del control, debe solicitar la actualización requerida del PAAI para aprobación en sesión del Comité Institucional de Coordinación de Control Interno -CICCI. De la ejecución de los controles se generará la siguiente evidencia: correo electrónico de le agenda de la sesión del Comité Institucional de Coordinación de Control Interno - CICCI y acta de reunión del CICCI. | K33: Preventivo | L33: Si | M33: Si | N33: Si | Q33: SI
A34: Gestión de TIC'S | B34: TI | C34: R2: Posibilidad de afectación reputacional, por limitación en la asignación presupuestal para el GIT TICs y falta de personal de planta acorde con la estructura organizacional requerida, debido a la obsolescencia de los servidores y equipos tecnológicos y a la falta del nivel jerárquico del Grupo GIT TICS acorde a la estructura organizacional de la entidad. | D34: 46122 | E34: 46134 | F34: 46146 | G34: Apoyo | H34: Alto | I34: Si | J34: R2-Cont-1 Anualmente, el Coordinador del GIT TIC's debe verificar la implementación de infraestructura requerida, para mitigar la obsolescencia de la plataforma En caso de identificar desviaciones en la ejecución del control, debe configurar equipos para la virtualizacion que permita una infraestructura mas robusta. Evidencia: plan de implementación de nuevos servidores virtuales para operar sobre hardware nuevo y/o actualizado. | K34: Detectivo | L34: Si | M34: Si | N34: NO | O34: Aceptar | P34: Alta | Q34: SI | R34: Si | S34: R2-Acc-1: Activar el protocolo definido en el Plan de Recuperación de Desastres (DRP) para restablecer los servicios afectados según los tiempos definidos de recuperación. | T34: Validación de disponibilidad de servidores para migración en contingencia | U34: 1/02/2026 al 27/12/2026 | V34: En curso | W34: En curso | X34: No | Y34: No aplica | Z34: No aplica | AA34: No aplica | AB34: Si | AC34: Durante el I cuatrimestre de 2026 no se evidenció la materialización del riesgo Con relación con los controles: R2-Cont-1: Se sugiere al proceso mantener la continuidad en la ejecución del control con el fin de mantener su efectividad dentro del sistema de control interno de la ejecución del control se identifico como evidencia el archivo: Doc_indicadores PETI_Marzo 2026, En la verificación realizada, se identificó como evidencia el archivo denominado “Doc_indicadores PETI_Marzo 2026”; no obstante, no se evidenció información correspondiente a la ejecución del control de los meses de enero, febrero y abril de 2026. R2-Cont-2: Se identifica que, para la ejecución del control, el proceso aporta nueve (9) archivos relacionados con la contratación por prestación de servicios. Adicionalmente, se evidenció el archivo denominado “Plan de Adquisiciones 2026”, en el cual se incluye la contratación para la modernización de la infraestructura tecnológica del Ministerio del Deporte, mediante el suministro, instalación, configuración y puesta en marcha de servicios de networking, almacenamiento y procesamiento, por un valor de $1.362.973.135, prevista para el periodo comprendido entre abril y agosto. No obstante, no se evidencian soportes asociados a la ejecución de dicha contratación, lo cual limita la verificación integral del cumplimiento del control. En consecuencia, se concluye que el control se encuentra parcialmente ejecutado. R2-Cont-3: El proceso presenta como evidencias del control tres (3) archivos correspondientes a “Doc_indicadores PETI” de los meses de enero, febrero y marzo de 2026; no obstante, no se evidencia información correspondiente al mes de abril, lo cual limita la validación del cumplimiento del control conforme a su periodicidad establecida. Adicionalmente, el proceso debía aportar como parte de las evidencias el anteproyecto de inversión de las necesidades tecnológicas para el periodo 2024–2027, el cual no reposa en la carpeta de evidencias, situación que afecta la integridad de los soportes requeridos para la verificación del control. R2-Cont-4:El proceso presenta como evidencia de la ejecución del control siete (7) documentos, de los cuales tres (3) corresponden a contratos de prestación de servicios asociados a micrositios, uno (1) con la ETB y otro relacionado con el contrato de Media Commerce para Internet y Firewall 2025. Los restantes soportes corresponden a solicitudes de contratación de mantenimiento de equipos, con fechas del 03/03/2026 (dos registros), 30/03/2026 y 06/04/2026. No obstante, se evidencia que la gestión de estas solicitudes se concentraron hasta el mes de marzo de 2026, lo cual evidencia debilidades en la continuidad de la ejecución del control conforme a su periodicidad establecida. En este sentido, el control presenta debilidades en su ejecución y se recomienda al proceso fortalecer la gestión oportuna y continua de las solicitudes de mantenimiento Con relación al Plan de Tratamiento del Riesgo: R2-Acc-1: Acción iniciada para el presente cuatrimestre. Sin avance para el actual cuatrimestre de 2026. R2-Acc-2: Acción aun iniciada para el presente cuatrimestre con plazo de ejecución. Indicador R2: Se evidenció que el proceso presenta la ficha del indicador y los soportes correspondientes para su seguimiento. No obstante, se recomienda que, en los próximos ejercicios de monitoreo, la evidencia denominada “Contratos de soporte y mantenimiento preventivo y correctivo” sea organizada y almacenada en una carpeta independiente, con el fin de facilitar su verificación durante las actividades de seguimiento y evaluación. | AD34: R2-Cont-1 R2-Cont-2 R2-Cont-3 R2-Cont-4 | AE34: R2-Acc-1 R2-Acc-2
I35: Si | J35: R2-Cont-2: Anualmente, el Coordinador del GIT TIC's debe validar las cargas de trabajo del área de TIC's para determinar las necesidades de personal de planta o contratistas; En caso de identificar desviaciones en la ejecución del control, se debe realizar el ajuste al estudio de cargas realizado. Evidencias: Matriz de propuesta de estudio de cargas de trabajo del GIT TIC's; correos y Plan de adquisiones y contrataciones | K35: Detectivo | L35: Si | M35: Si | N35: Si | Q35: SI | R35: Si
I36: Si | J36: R2-Cont-3: Anualmente, el Coordinador del GIT TIC's debe Presentar a la Oficina de Planeación el anteproyecto de inversión de las necesidades tecnológicas para el periodo 2024-2027 y el presupuesto del PETI del GIT TIC's; , de acuerdo con las necesidades del área y de las dependencias, con los lineamientos de MinTIC en cuanto a proyectos de Transformación Digital y con los resultados del FURAG. En caso de desviación en la ejecución del control, se realizan ajustes mensuales al proyecto de presupuesto. Evidencias: Anteproyecto de presupuesto validado por la OAP. | K36: Preventivo | L36: Si | M36: Si | N36: Si | Q36: SI | R36: Si | S36: R2-Acc-2: Remitir correo de declaratoria de contingencia a nivel institucional para activar el Plan de Continuidad del Negocio (BCP) por las dependencias afectadas (cuando aplique). | T36: Plan de Contingencia activado (cuando aplique) | U36: 1/02/2026 al 27/12/2026 | V36: En curso | W36: En curso
I37: Si | J37: R2-Cont-4: Anualmente, el Coordinador del GIT TIC's debe verificar que existan contratos de soporte y mantenimiento de infraestructura vigentes En caso de identificar desviaciones en la ejecución del control, Se gestionaran contratos de soporte y mantenimiento de la infraestructura Tecnologica Evidencia: Contratos de soporte y mantenimiento de infraestructura tecnológica vigentes | K37: Preventivo | L37: Si | M37: Si | N37: NO | Q37: Parcialmente | R37: Si
A38: Altos Logros | B38: AL | C38: R3: Posibilidad de afectación económica y reputacional por la estimación de la planeación sin recursos asignados generando deficiencia en la ejecución debido a las modificaciones recurrentes en la Planeación inicial para el cumplimiento de los proyectos de inversión en la anualidad. | D38: 46136 | E38: 46132 | F38: 46148 | G38: Misional | H38: Moderado | I38: Si | J38: R3-Cont-1: El profesional designado para llevar el seguimiento de los planes de acción de la Dirección de Posicionamiento y Liderazgo Deportivo realiza de manera cuatrimestral la verificación de las acciones de control que mitiguen los cambios generados en el Plan de Acción Instituciona, mediante la implementación de los instrumentos de planeación institucional se formularán las actividades del plan de acción para la siguiente vigencia teniendo en cuenta las necesidades de los grupos de valor del proceso de Altos Logros y las inflexibilidadaes presupuestales. En caso de identificar desviaciones en la ejecución del control, se realizaran los ajustes pertinentes. De la ejecución de los controles se generará la siguiente evidencia: Plan de accion de la vigencia y solicitudes de ajustes (si esto tiene lugar). | K38: Preventivo | L38: Si | M38: Si | N38: Si | O38: Reducir (Mitigar) | P38: Bajo | Q38: SI | R38: Si | S38: R3-Acc-1: Formulación y elaboración de ajustes en el Plan de acción (si se identifica la necesidad de realizar cambios) | T38: Comunicaciones dirigidas a la Oficina Asesora de Planeación con solicitud de ajuste, corrección o cambio del plan de acción formulado (Si aplica | U38: 02/01/2026 al 31/12/2026 | V38: En curso | W38: En curso | X38: No | Y38: No aplica | Z38: No aplica | AA38: No aplica | AB38: Si | AC38: Durante el I cuatrimestre de 2026 no se evidenció la materialización del riesgo Con relación con los controles: R3-Cont-1: Se sugiere al proceso mantener la continuidad en la ejecución del control con el fin de mantener su efectividad dentro del sistema de control interno de la ejecución del control se identifico como evidencia el archivo:Plan-Accion-Institucional-2026-version-1 R3-Cont-2: Se sugiere al proceso mantener la continuidad en la ejecución del control con el fin de mantener su efectividad dentro del sistema de control interno de la ejecución del control se identificaron como evidencias archivos de ejecución del PAC de febrero, marzo, abril y mayo, no encuentra información del mes de enero de 2026. Con relación al Plan de Tratamiento del Riesgo: R3-Acc-1: El proceso presenta correo electrónico del 14/04/2026 enviado a la OAPsolicitando ajuste en el PAI para los ID: 999, 1000 y 1002. Indicador R3 :Se evidenció que el proceso presenta la ficha del indicador y los soportes correspondientes para su seguimiento. No obstante, se recomienda que, en los próximos ejercicios de monitoreo, la evidencia denominada “Contratos de soporte y mantenimiento preventivo y correctivo” sea organizada y almacenada en una carpeta independiente, con el fin de facilitar su verificación durante las actividades de seguimiento y evaluación.. | AD38: R3-Cont-1 R3-Cont-2 | AE38: R3-Acc-1
I39: Si | J39: R3-Cont-2: Mensualmente, el Profesional designado para realizar la programación del PAC de la Dirección de Posicionamiento y Liderazgo Deportivo, debe consolidar la información entregada por los Coordinadores de los GIT y entregarla de manera oportuna al GIT de Financiera para cumplir con la programación de los pagos de los recursos ya comprometidos. En caso de identificar desviaciones en la ejecución del control, comunicar al Coordinador que se debe ajustar la programación proyectada. De la ejecución de los controles se generará la siguiente evidencia: Correos electrónicos enviados a FInanciera con el PAC final consolidado | K39: Preventivo | L39: Si | M39: Si | N39: Si | Q39: Parcialmente
A40: Gestión del Talento Humano | B40: GH | C40: R3: Posibilidad de afectación reputacional por Fallas en la implementación de los procedimientos y lineamientos en el proceso de GTH, debido a fallas en la seguimiento de verificación de las Evaluaciones del Desempeño Laboral | D40: 46125 | E40: 45767 | F40: 46142 | G40: Apoyo | H40: Moderado | I40: Si | J40: R3-Cont-1: El Profesional designado por el Coordinador de GIT Talento Humano verifica semestralmente el cumplimiento del procedimiento GH-PD-003 Evaluación del Desempeño Laboral, mediante la revisión de los criterios de evaluación aplicados y la confirmación de que la totalidad de los funcionarios cuenten con su evaluación realizada dejando como evidencia una lista de verificación, de presentarce alguna desviación se deberan dejar consignadas mediante actas de seguimiento. | K40: Preventivo | L40: Si | M40: Si | N40: Si | O40: Reducir (Mitigar) | P40: Moderada | Q40: NO | R40: Si | S40: R3-Acc-1: Actualizar y Socializar el procedimiento y todos sus documentos anexos, tanto al grupo de trabajo , como a nivel institucional | T40: 1. Piezas de comunicación 2. Procedimiento publicado en la plataforma ISOLUCION | U40: 1/05/2026 al 15/12/2026 | V40: No aplica para el cuatrimestre | W40: No aplica para el cuatrimestre | X40: No | Y40: No aplica | Z40: No aplica | AA40: No aplica | AB40: No | AC40: Durante el I cuatrimestre de 2026 no se evidenció la materialización del riesgo. Con relación con los controles: R3-Cont-1: El proceso (GH) no registró ejecución del control durante el periodo evaluado, lo que limita la verificación de su cumplimiento y la efectividad del mismo dentro del Sistema de Control Interno. R3-Cont-2: El proceso (GH) no registró ejecución del control durante el periodo evaluado, lo que limita la verificación de su cumplimiento y la efectividad del mismo dentro del Sistema de Control Interno. R4-Cont-1: El proceso (GH) no presenta las evidencias conforme a lo establecido en el control, dado que aporta cuatro (4) documentos correspondientes a: “Plan Anual de Vacantes y Previsión de Recurso Humano 2026”, “Plan de Bienestar Social, Estímulos e Incentivos 2026”, “Plan Institucional de Capacitación 2026” y “Plan de Trabajo de Seguridad y Salud en el Trabajo 2026”. No obstante, estos documentos corresponden a instrumentos de planeación y no evidencian el seguimiento mensual al cumplimiento de las actividades definidas en los planes, tal como lo establece el control. Esta situación limita la verificación de su ejecución y la efectividad del mismo dentro del Sistema de Control Interno. Con relación al Plan de Tratamiento del Riesgo: R3-Acc-1: La acción para el presente cuatrimestre no requiere inicio de ejecución R3-Acc-2: La acción para el presente cuatrimestre no requiere inicio de ejecución R4-Acc-1: La evidencia aportada es consistente y se alinea con la descripción de la acción, particularmente en lo relacionado con el reporte de los indicadores en la Plataforma SISEG. No obstante, se advierte la necesidad de fortalecer el avance en la ejecución de la acción, a fin de asegurar su cumplimiento oportuno y la generación de resultados efectivos. Indicador R3: Se evidenció que al proceso (GH) presentó la ficha del indicador correspondiente. No obstante, se recomienda revisar y ajustar su formulación. Indicador R4: Se evidenció la inexistencia de los soportesmencionados en las fichas del indicador, por tanto, no se encontraron las evidencias que soportan la medición y los resultados del indicador descritos en el seguimiento, lo que limita la trazabilidad y verificación de la información reportada. | AD40: R3-Cont-1 R3-Cont-2 R4-Cont-1 | AE40: R3-Acc-1 R3-Acc-2 R4-Acc-1
I41: Si | J41: R3-Cont-2: El Profesional designado por el Coordinador de GIT Talento Humano debera verificar las Evaluaciones de Desempeño Laboral que se encuentran en la plataforma de la Comisión Nacional del Servicio Civil correspondientes al Ministerio del Deporte mediante seguimiento semestral donde se dejara como evidencia el descargue del reporte de la evaluaciones efectuadas durante el semestre, de encontrarce alguna desviación en la revisión se procedera a notificar mediante correo electronico a evaluadores y evaluados para subsanar las desviaciones. | K41: Preventivo | L41: Si | M41: Si | N41: Si | Q41: NO | R41: Si | S41: R3-Acc-2:Presentar una relación de los resultados de la verificación y seguimiento de las calificaciones de la Evaluación del Desempeño Laboral al Coordinador de GIT TH | T41: Correo Electrónico | U41: 30/06/2026 al 15/12/2026 | V41: No aplica para el cuatrimestre | W41: No aplica para el cuatrimestre
C42: R4: Posibilidad de incumplimiento de los objetivos y metas del proceso de Gestión del Talento Humano, con afectación en la eficiencia institucional y el desempeño organizacional, debido a debilidades en el seguimiento a la ejecución de las actividades establecidas en los diferentes planes del proceso. | I42: Si | J42: R4-Cont-1: El Profesional designado por el Coordinador de GIT Talento Humano debera realizar seguimiento mensual al cumplimiento en la ejecución de las actividades establecidas en los diferentes planes que integran el Estratégico de Talento Humano, Se realizara el seguimiento mediante el reporte de los indicadores en la plataforma SISEG de los diferentes planes, de presentarce alguna desviación se debera dejar consignado an acta de reunión donde se de a conocer dicha situación al Coordinador del GIT TH. | K42: Preventivo | L42: Si | M42: Si | N42: Si | Q42: NO | R42: Si | S42: R4-Acc-1: Reportar mensualmente los indicadores de cumplimiento de la ejecución de los Planes del GIT Talento humano. | T42: Reporte en la Plataforma SISEG de los indicadores | U42: 1/01/2026 al 31/12/2026 | V42: En curso | W42: En curso | AB42: No
A43: Gestión de las Comunicaciones | B43: GC | C43: R3: Posibilidad de afectación reputacional por la inoportunidad en la difusión de notas de prensa, debido a inconsistencias en las etapas de elaboración, revisión, validación y/o aprobación del contenido. | D43: 46112 | E43: 46134 | F43: 46141 | G43: Apoyo | H43: Moderado | I43: Si | J43: R3-Cont-1: El profesional asignado corroborá mensualmente que la información que se publica en las notas de prensa estén alineadas con las directrices del GIT Comunicaciones, a través de la verificación del contenido registrado de las notas de prensa en el formato GC-FR-008. En caso de desviación del control se devolverá la nota de prensa al profesional para su ajuste inmediato. De la ejecución del control se generará la siguiente evidencia: Control Notas de Prensa, registradas en el periodo. Frecuencia: Mensual | K43: Preventivo | L43: Si | M43: Si | N43: Si | O43: Reducir (Mitigar) | P43: Moderada | Q43: SI | R43: Si | S43: R3-Acc-1: Socializar la Política Editorial, los Procedimientos y los formatos asociados con los integrantes del GIT Comunicaciones anualmente | T43: Evidencia de la socialización | U43: Del 01/01/2026 al 30/08/2026 | V43: En curso | W43: En curso | X43: No | Y43: No aplica | Z43: No aplica | AA43: No aplica | AB43: Si | AC43: Durante el I cuatrimestre de 2026 no se evidenció la materialización del riesgo Con relación con los controles: R3-Cont-1: Se sugiere al proceso mantener la continuidad en la ejecución del control con el fin de mantener su efectividad dentro del sistema de control interno de la ejecución del control se identifico como evidencia el archivo: GC-FR-008-NOTAS DE PRENSA 2026, el cual contiene 83 registros de información de los meses de enero, febrero, marzo y abril de 2026. Con relación al Plan de Tratamiento del Riesgo: R3-Acc-1: El proceso presenta como evidencia de la socialización cuatro (4) correos de actualización de procedimientos de los meses de febrero y marzo de 2026. Indicador R3: Se evidencia la medición de los indicadores por lo que se recomienda fortalecer la gestión en la medición y análisis de indicadores como insumo clave para la gestión preventiva del riesgo. | AD43: R3-Cont-1 | AE43: R3-Acc-1
A44: Formulación y Adopción de Políticas, Planes y Programas | B44: FP | C44: R1: Posibilidad de afectación Reputacional por fallas en la articulación entra e intersectorial, que generen discontinuidad en los procesos de política pública, específicamente en su implementación, seguimiento y evaluación. | D44: 46132 | E44: 46148 | F44: 46148 | G44: Misional | H44: Extremo | I44: Si | J44: R1-Cont-1: Trimestralmente ,la Viceministra del Deporte, debe verificar que los planes, programas y proyectos estén articulados con los modelos de planeación al largo, mediano y corto plazo, por medio del manual de formulación, adopción, implementación y evaluación de políticas públicas. En caso de identificar desviaciones en la ejecución del control, solicita una mesa trabajo con los encargados de la formulación de planes, programas y proyectos, con el fin de acompañar y hacer los ajustes que se requieran. De la ejecución de los controles se generará la siguiente evidencia: Manual de formulación, adopción, implementación y evaluación de política pública, así como actas y/o videos de las mesas de trabajo. | K44: Preventivo | L44: Si | M44: Si | N44: Si | O44: Reducir (Mitigar) | P44: Extrema | Q44: NO | R44: Si | S44: R1-Acc-1: 1. Documentar como control, el Manual de formulación, adopción, implementación y evaluación de políticas públicas y documentos requeridos. 2. Socializar el Manual de formulación, adopción, implementación y evaluación de políticas públicas y documentos requeridos para identificar y fortalecer los controles al interior del proceso. | T44: 1. Manual de Formulación y Adopción de Políticas Planes y programas creado y aprobado en ISOLUCION. 2. Correos electrónicos, piezas de comunicación o actas de reunión. | U44: 46203 | V44: No aplica para el cuatrimestre | W44: No aplica para el cuatrimestre | X44: No | Y44: No aplica | Z44: No aplica | AA44: No aplica | AB44: No | AC44: Durante el I cuatrimestre de 2026 no se evidenció la materialización del riesgo Con relación con los controles: R1-Cont-1: El proceso (FP) presenta como evidencia de la ejecución del control el documento denominado “ANTEPROYECTO VICEMINISTERIO V2 30/03/2026”; no obstante, dicho soporte no corresponde a lo establecido en la descripción control, la cual define como evidencias el Manual de formulación, adopción, implementación y evaluación de política pública, así como las actas y/o videos de las mesas de trabajo. Esta situación evidencia una inconsistencia entre las evidencias aportadas y las definidas para la verificación del control, lo que limita la validación de su ejecución y efectividad dentro del Sistema de Control Interno. R1-Cont-2: El proceso (FP) presenta como evidencia de la ejecución del control el documento denominado “ANTEPROYECTO VICEMINISTERIO V2 30/03/2026”; no obstante, dicho soporte no corresponde a lo establecido en la descripción control, la cual define como evidencias ctas de reunión, modificaciones al plan de acción y modificaciones al plan de adquisiciones, lo que limita la validación de su ejecución y efectividad dentro del Sistema de Control Interno. R1-Cont-3: El proceso (FP) presenta como evidencia de la ejecución del control el documento denominado “Estructura de Documento Técnico de Política Pública del Sector Deporte”; no obstante, dicho soporte no corresponde de manera directa a la verificación del cumplimiento de los requerimientos de formulación, ejecución y evaluación de las políticas públicas, ni a la aprobación de la apertura de procesos de formulación de política pública, conforme a lo establecido en la ficha del control. Adicionalmente, se evidencia la ausencia de soportes clave para la validación de la ejecución del control, tales como actas de reunión, evidencias virtuales y registros documentales en GESDOC, lo cual limita la trazabilidad, integridad y verificación de las actividades desarrolladas.. R1-Cont-4: El proceso (FP) presenta como evidencia de la ejecución del control el documento denominado “ESTRATEGIA DIVULGACIÓN PP DEPORTE V3 13022026”, correspondiente al resumen de la Política Pública Nacional del Deporte, la Recreación, la Actividad Física y el Tiempo Libre (2018–2028). No obstante, no se evidencian soportes asociados a la ejecución de la estrategia de comunicaciones, tales como actas, piezas comunicativas, publicaciones u otros registros que permitan validar su implementación, lo cual limita la verificación del cumplimiento del control y su efectividad dentro del Sistema de Control Interno. R1-Cont-5: No se identificaron evidencias específicas que den cuenta de la verificación de estrategias de articulación territorial ni de la ejecución de mesas de trabajo, conforme a lo establecido en la descripción del control. Esta situación limita la validación de la ejecución del control, así como su efectividad dentro del Sistema de Control Interno, al no contar con soportes que permitan verificar el desarrollo de las actividades previstas. R2-Cont-1: No se identificaron evidencias que den cuenta de la verificación el cumplimiento de los requerimientos de formulación, ejecución y evaluación de las políticas públicas, a través de la aprobación de la apertura de los procesos de formulación de alguna política públicani de la ejecución de mesas de trabajo, conforme a lo establecido en la descripción del control. R2-Cont-2: De acuerdo con la periodicidad semestral del control, la presentación de evidencia no aplica para el presente cuatrimestre evaluado. R2-Cont-3: De acuerdo con la periodicidad semestral del control, la presentación de evidencia no aplica para el presente cuatrimestre evaluado. Con relación al Plan de Tratamiento del Riesgo: R1-Acc-1: La acción para el presente cuatrimestre no requiere inicio de ejecución R1-Acc-2: Se identifica la ausencia de la presentación de evidencias que demuestren la ejecución de la acción, la cual tenía como fecha límite el 31 de marzo de 2026, por tanto, se identifica incumplimientode la ejecución del plan de tratamiento. En particular, no se evidencian soportes tales como el Decreto 1793 de 2021, documentos preparatorios para reuniones, actas de reunión, registros que demuestren la materialización de actividades como: la asignación de recursos de acuerdo con las necesidades en materia de políticas públicas para la siguiente vigencia, la realización de reuniones de presupuesto y planeación estratégica al inicio y cierre de la vigencia, así como la ejecución de mesas de trabajo con actores de la política pública para la identificación R1-Acc-3: La acción para el presente cuatrimestre no requiere inicio de ejecución R1-Acc-4: La acción para el presente cuatrimestre no requiere inicio de ejecución R1-Acc-5: La acción para el presente cuatrimestre no requiere inicio de ejecución. R2-Acc-1: La acción para el presente cuatrimestre no requiere inicio de ejecución R2-Acc-2: El proceso presenta cuatro (4) actas de reunión relacionadas con la instalación de los acuerdos de gestión; sin embargo, no se evidencian los formatos suscritos de dichos acuerdos con cada uno de los directores técnicos (IVC, Fomento, Posicionamiento, Recursos y Herramientas). Adicionalmente, se identificó el acta de reunión del 24 de febrero de 2026, en la cual el proceso manifiesta encontrarse a la espera del envío de los nuevos formatos por parte del GIT de Talento Humano. En este sentido, desde la tercera línea de defensa se insta a formalizar y aportar los formatos de los acuerdos de gestión, considerando que han transcurrido los meses de febrero, marzo y abril de 2026 sin la respectiva evidencia, lo que evidencia un cumplimiento parcial en la ejecución de la actividad. R2-Acc-3: La acción para el presente cuatrimestre no requiere inicio de ejecución Indicador R1 y R2: Se evidenció que el proceso (FP) no presentó las evidencias relacionadas en la ficha del indicador, tales como la Guía de Formulación, Implementación y Adopción de Políticas, Planes y Programas; la caracterización del proceso de Formulación y Adopción de Políticas, Planes y Programas; documentos técnicos de política pública; actas de reunión; listados de asistencia y demás documentos técnicos señalados como fuentes de información para la medición del indicador. Asi mismo, se observó que la segunda línea de defensa no registró observaciones en las actividades de monitoreo y revisión. | AD44: R1-Cont-1 R1-Cont-2 R1-Cont-3 R1-Cont-4 R1-Cont-5 R2-Cont-1 R2-Cont-2 R2-Cont-3 | AE44: R1-Acc-1 R1-Acc-2 R1-Acc-3 R1-Acc-4 R1-Acc-5 R2-Acc-1 R2-Acc-2 R2-Acc-3
I45: Si | J45: R1-Cont-2: Anualmente ,la Viceministra del Deporte, debe validar que existen los recursos para el seguimiento y fortalecimiento de los procesos en política pública de la Entidad, por medio de su proyecto de inversión donde se establezcan los recursos necesarios para garantizar el seguimiento y el direccionamiento estratégico a los proyectos de la Entidad. En caso de identificar desviaciones en la ejecución del control, el Viceministerio con el apoyo de la Oficina Asesora de Planeación definirán las estrategias más eficientes en política pública partiendo del recurso disponible . De la ejecución de los controles se generará la siguiente evidencia: Actas de reunión, modificaciones al plan de acción y modificaciones al plan de adquisiciones | K45: Preventivo | L45: Si | M45: Si | N45: Si | Q45: NO | R45: Si | S45: R1-Acc-2: 1. Asignar recursos de acuerdo a las necesidades para el tema de políticas públicas, para la siguiente vigencia. 2. Realizar reuniones de presupuesto y planeación estratégica, al final y al inicio de cada vigencia. 3. Realizar mesas de trabajo con actores de la Política Pública, para recopilar las necesidades en materia de formulación de Políticas Públicas. | T45: 1. Decreto 1793 de 2021 2. Documentos generados para las reuniones y/o actas. 3. Actas de reunión | U45: 46112 | V45: SI | W45: NO
I46: Si | J46: R1-Cont-3; Cada vez que se requiera (de acuerdo a las solicitudes allegadas al Viceministerio), la Viceministra del Deporte, debe verificar el cumplimiento de los requerimientos de formulación, ejecución y evaluación de las políticas públicas, a través de la aprobación de la apertura de los procesos de formulación de alguna política pública . En caso de identificar desviaciones en la ejecución del control, el área encargada debe realizar las modificaciones que se soliciten para que se apruebe su proceso de política pública. De la ejecución de los controles se generará la siguiente evidencia: Actas de reunión, evidencia virtual y documentos de GESDOC | K46: Preventivo | L46: Si | M46: Si | N46: Si | Q46: NO | R46: Si | S46: R1-Acc-3: 1. Documentar como control, el Manual de formulación, adopción, implementación y evaluación de políticas públicas y documentos requeridos. 2. Socializar el Manual de formulación, adopción, implementación y evaluación de políticas públicas y documentos requeridos para identificar y fortalecer los controles al interior del proceso | T46: 1. Manual de Formulación y Adopción de Políticas Planes y programas creado y aprobado en ISOLUCION. 2. Correos electrónicos, piezas de comunicación o actas de reunión | U46: 46203 | V46: No aplica para el cuatrimestre | W46: No aplica para el cuatrimestre
I47: Si | J47: R1-Cont-4: Permanentemente, la Viceministra del Deporte y la Coordinadora del GIT de comunicaciones, debe revisar el cumplimiento de la estrategia de comunicación con la ciudadanía en asuntos referentes a las políticas públicas de la entidad y el SND, a través de la realización de mesas de trabajo para verificar la implementación de las acciones y el cumplimiento del esquema de comunicaciones . En caso de identificar desviaciones en la ejecución del control, se formula un plan de choque. De la ejecución de los controles se generará la siguiente evidencia: Actas de reunión, evidencia virtual, piezas comunicativas emitidas, estrategia de comunicaciones, eventos, registro fotográfico, registro en redes sociales, boletines de prensa. | K47: Preventivo | L47: Si | M47: Si | N47: Si | Q47: Parcialmente | R47: Si | S47: R1-Acc-4: 1. Realizar estrategias de difusión, de las iniciativas de política pública del sector del deporte y la recreación. | T47: 1. Piezas de comunicación e información para el desarrollo de la estrategia de la política pública. | U47: 30/06/2026 al 20/12/2026 | V47: SI | W47: SI
I48: Si | J48: R1-Cont-5: Cada vez que se requiera (de acuerdo a las solicitudes allegadas al Viceministerio) ,la Viceministra del Deporte y Directores Técnicos, debe verificar que existen estrategias y acciones de articulación entre los Entes Territoriales y el Ministerio del Deporte para la ejecución conjunta de la política pública, a través de mesas de trabajo focalizadas y revisión documental. En caso de identificar desviaciones en la ejecución del control, se realizarán mesas de trabajo que permitan estructurar una estrategia de articulación. De la ejecución de los controles se generará la siguiente evidencia: Actas de reunión, evidencia virtual y documentos de GESDOC. | K48: Preventivo | L48: Si | M48: Si | N48: Si | Q48: NO | R48: Si | S48: R1-Acc-5: 1. Realizar mesas de trabajo y seguimiento a los procesos de articulación territorial. | T48: 1. Actas de reunión y documentos técnicos | U48: 30/06/2026 al 20/12/2026 | V48: SI | W48: SI
C49: R2:Posibilidad de afectación Reputacional por fallas en articulación sectorial y al interior de la entidad que genere incumplimiento a la normatividad, por la no aplicación de modelos de políticas públicas. | H49: Bajo | I49: Si | J49: R2-Cont-1: Cada vez que se requiera (de acuerdo a las solicitudes allegadas al Viceministerio),la Viceministra del Deporte y Directores Técnicos, debe validar el cumplimiento de los lineamientos de circulación y gestión de información y conocimiento para el SND, a través de un esquema de seguimiento a metas e indicadores de la política. En caso de identificar desviaciones en la ejecución del control, solicita a la Oficina Asesora de Planeación la elaboración de un plan de choque para el cumplimiento de los lineamientos. De la ejecución de los controles se generará la siguiente evidencia: Actas de reunión, evidencia virtual y documentos relacionados. | K49: Preventivo | L49: Si | M49: Si | N49: Si | P49: Bajo | Q49: NO | R49: Si | S49: R2-Acc-1: 1. Documentar como control, el Manual de formulación, adopción, implementación y evaluación de políticas públicas y documentos requeridos. 2. Socializar el Manual de formulación, adopción, implementación y evaluación de políticas públicas y documentos requeridos para identificar y fortalecer los controles al interior del proces | T49: 1. Manual de Formulación y Adopción de Políticas Planes y programas creado y aprobado en ISOLUCION. 2. Correos electrónicos, piezas de comunicación o actas de reunión | U49: 46203 | V49: No aplica para el cuatrimestre | W49: No aplica para el cuatrimestre | AB49: No
I50: Si | J50: R2-Cont-2: Semestralmente, ,la Viceministra del Deporte y Directores Técnicos, debe evaluar los procesos, planes y políticas de sus areas misionales para identificar cumplimiento de los compromisos en el marco de los acuerdos de gestion En caso de identificar desviaciones en la ejecución del control, realiza requerimiento a la Oficina de Control Interno y Directores Técnicos para que se realice un seguimiento especializado. De la ejecución de los controles se generará la siguiente evidencia: Actas de reunión, evidencia virtual y documentos relacionados | K50: Preventivo | L50: Si | M50: Si | N50: Si | Q50: No aplica | R50: Si | S50: R2-Acc-2: 1. Firma de los acuerdos de gestion con cada director tecnico. 2. Formato de Seguimiento a los acuerdos firmados por el Viceministerio y directores técnicos 3. Evaluación de desempeño de acuerdo a los acuerdos de gestión | T50: 1: Acuerdos de gestion 2. Formato de seguimiento semestral 3. Formato evaluación acuerdos de gestión firmados con directores misionales | U50: 30/03/2026 30/06/2026 30/09/2026 20/12/2026 | V50: En curso | W50: En curso
I51: Si | J51: R2-Cont-3: Semestralmente, la Viceministra del Deporte y Directores Técnicos, deben verificar los resultados del cumplimiento de sus actividades, a través de evaluaciones periódicas de la gestión (EDL). En caso de identificar desviaciones en la ejecución del control, solicita a los Directores Técnicos la formulación de un plan de choque que permita cumplir las objetivos y actividades. De la ejecución de los controles se generará la siguiente evidencia: Actas de reunión, evidencia virtual y documentos relacionados | K51: Preventivo | L51: Si | M51: Si | N51: Si | Q51: No aplica | R51: Si | S51: R2-Acc-3: 1. Concertar compromisos laborales para la evaluación del desempeño laboral EDL. 2. Realizar evaluación de Desempeño Laboral del segundo semestre del 2021 | T51: 1 y 2. Plataforma EDL | U51: 30/06/2026 31/01/2027 | V51: No aplica para el cuatrimestre | W51: No aplica para el cuatrimestre
A52: Gestión Financiera | B52: GF | C52: R2: Posibilidad de Afectación Económica y Reputacional por falta de procedimientos , errores de digitación y falta de capacitación, temas relacionados con el personal, debido a inconsistencias en el registro de la gestión presupuestal en el aplicativo SIIF Nación, frente a requerimientos y soportes asociados a los trámites de expedición del Certificado de Disponibilidad Presupuestal, Registros Presupuestales y sus operaciones derivadas de adiciones y/o liberaciones, acordes a un compromiso en concordancia al rubro, objeto, valor, renglón etc., que no sean conformes con los lineamientos de la Entidad y/o la legislación vigente. | D52: 46128 | E52: 46132 | F52: 46139 | G52: Apoyo | H52: Alto | I52: Si | J52: R2-Cont-1: Semestralmente, el Coordinador (a) del GIT Gestión Presupuestal y/o profesionales designados, debe realizar un monitoreo aleatorio a los documentos de las operaciones presupuestales emitidas (CDP-RP) mediante la revisión de unos atributos de calidad. En caso de identificar desviaciones en la ejecución del control, se ajustará la información presupuestal en el sistema de información financiera SIIF o el que haga sus veces, para su corrección. De la ejecución del control se generará la siguiente evidencia: Documento interno de monitoreo. | K52: Detectivo | L52: Si | M52: Si | N52: Si | O52: Reducir (Mitigar) | P52: Alta | Q52: No aplica | R52: Si | S52: R2-Acc-1: Crear documento interno de monitoreo aleatorio, con el fin de revisar la calidad de las operaciones presupuestales emitidas por el GIT Gestión Presupuestal | T52: Documento de monitoreo | U52: 01/01/2026 al 31/08/2026 | V52: SI | W52: En curso | X52: No | Y52: No aplica | Z52: No aplica | AA52: No aplica | AB52: No | AC52: Durante el I cuatrimestre de 2026 no se evidenció la materialización del riesgo Con relación con los controles: R2-Cont-1: De acuerdo con la periodicidad semestral definida para el control, la presentación de evidencias no aplica para el presente cuatrimestre evaluado. No obstante, la tercera línea de defensa identifica que la evidencia aportada para el plan de tratamiento corresponde a la misma utilizada para el control, lo cual no es adecuado, toda vez que no permite diferenciar ni validar de manera independiente la ejecución de cada uno. En este sentido, se recomienda al proceso definir y soportar evidencias específicas y diferenciadas para el plan de tratamiento y el control. R3-Cont-1: El proceso (GF) presenta como evidencias de la ejecución del control los formatos GF-FR-042 “Conciliación de Inventarios - Contabilidad vs. Almacén” correspondientes a los meses de enero y febrero de 2026; no obstante, no se encuentran los soportes correspondientes a los meses de marzo y abril de 2026. Esta situación limita la verificación de la ejecución continua del control conforme a su periodicidad, así como la validación de su efectividad dentro del Sistema de Control Interno. R3-Cont-2: El proceso (GF) presenta como evidencias de la ejecución del control los formatos “GF-FR-042 " Conciliación Almacén” correspondientes a los meses de enero y febrero de 2026; no obstante, no se evidencia información asociada a los meses de marzo y abril de 2026. Esta situación limita la verificación de la ejecución continua del control conforme a su periodicidad, así como la validación de su efectividad dentro del Sistema de Control Interno. R3-Cont-3: El proceso (GF) presenta 68 documentos correspondientes a los formatos de Devolución de documentos GF-FR-016, además presenta los archivos de SISEG DEVOLUCIONES de los meses de enero, febrero, marzo y abril. En este sentido, Se sugiere al proceso mantener la continuidad en la ejecución del control con el fin de mantener su efectividad dentro del sistema de control interno. R3-Cont-4: El proceso (GF) presenta como soporte de la ejecución del control la Matriz de usuarios autorizados en SIIF mediante el formato de Control de Firmas Digitales – Token SIIF “GF-FR-037”, correspondiente a la relación de 31 firmas autorizadas. Adicionalmente, aporta información relacionada con los perfiles del aplicativo SIIF Nación. En este sentido, se evidencia la ejecución del control conforme a los soportes presentados. Con relación al Plan de Tratamiento del Riesgo: R2-Acc-1: El proceso presenta como evidencia el archivo “Monitoreo_CDP_2026_Ejemplo”, el cual contiene 960 registros correspondientes a los meses de enero, febrero y marzo (del 02 al 10). No obstante, no se evidencia información relacionada con la ejecución de la acción con posterioridad a la última fecha registrada, lo que limitad y el seguimiento total de su cumplimiento para el primer cuatrimestre de 2026. R3-Acc-1: Se identifican el envío de cinco (5) correos elecrónicos de invitación para los meses de marzo a abril de 2026 por parte del GIT de Gestión Contable. R3-Acc-2: El GIT de Gestión Contable emitió la Circular Interna No. 006 de 2026, mediante la cual se establecen los lineamientos fundamentales para el reporte de los hechos económicos de la presente vigencia. Dicha circular fue remitida el 19 de abril de 2026, en consecuencia, se evidencia el cumplimiento de la acción definida en el plan de tratamiento. Indicadores R2 y R3: No se evidencia la medición de los indicadores por lo que se recomienda fortalecer la gestión en la medición y análisis de indicadores como insumo clave para la gestión preventiva del riesgo. Dada la frecuencia de los indicadores si aplica la presentación de las evidencias. | AD52: R2-Cont-1 R3-Cont-1 R3-Cont-2 R3-Cont-3 R3-Cont-4 | AE52: R2-Acc-1 R3-Acc-1 R3-Acc-2
C53: R3: Posibilidad de Afectación Económica y Reputacional por falta de procedimientos, errores de grabación, autorización, debido a incurrir en inconsistencias en el desarrollo de las actividades asociadas a la Elaboración de Estados Financieros y Reporte de Hechos Económicos que no sean conformes con los lineamientos del proceso de Gestión Financiera y la legislación vigente. | I53: Si | J53: R3-Cont-1: Trimestralmente, el Coordinador (a) del GIT Gestión Contable y/o profesionales designados, debe conciliar la información financiera generada de las actividades desarrolladas teniendo en cuenta lo dispuesto en el procedimiento GF-PD-019 del proceso de Gestión Financiera y la Circular Externa vigente (Fechas Límites para Efectuar Registros Contables en el SIIF Nación y SPGR), mediante el cruce de información de los registros efectuados. En caso de identificar desviaciones en la ejecución del control, se efectúan los ajustes requeridos mediante las transacciones dispuestas para tal fin. De la ejecución del control se generará la siguiente evidencia: Formato GF-FR–042 Conciliación de Inventarios - Contabilidad Vs. Almacén. | K53: Preventivo | L53: Si | M53: Si | N53: Si | P53: Alta | Q53: Parcialmente | R53: Si | S53: R3-Acc-1: Realizar retroalimentacion y/o asistir a capacitacion de la actualizacion normativa emitida por la Contaduria General de la Nación CGN | T53: Listas de asistencia y/o Correo electrónico de socialización de la actualización de la normativa. | U53: 01/01/2026 al 31/08/2026 | V53: En curso | W53: SI | AB53: No
I54: Si | J54: R3-Cont-2: Mensualmente, el Coordinador (a) GIT Gestión Contable y/o los profesionales designados, debe conciliar que la información financiera relacionada con los hechos económicos (ingresos, gastos, bienes, entre otros) reportada por las dependencias proveedoras cumpla con las características cualitativas requeridas, mediante el análisis de la información financiera reportada frente a la registrada o que sea susceptible de registrar para su revelación. En caso de identificar desviaciones en la ejecución del control, se solicita mediante correo electrónico la aclaración del hecho económico a la dependencia proveedora de la información financiera. De la ejecución del control se generará la siguiente evidencia: 1. Conciliaciones realizadas 2. Correos electrónicos enviados solicitando la aclaración de los hechos económicos, en caso de requerirse | K54: Detectivo | L54: Si | M54: Si | N54: Si | Q54: SI | R54: Si
I55: Si | J55: R3-Cont-3: Mensualmente, el Coordinador (a) del GIT Gestión Contable y/o profesionales designados, debe verificar que la información financiera radicada por las dependencias ejecutoras de recursos cumplan con las directrices impartidas por la Entidad y la normatividad vigente aplicable, mediante la validación de la documentación: Para el caso de cuentas se realiza contra el formato GF-FR-020. En caso de identificar desviaciones en la ejecución del control, se debe devolver la solicitud mediante el formato de Devolución de documentos GF-FR-016 o en SISEG según corresponda. De la ejecución del control se generará la siguiente evidencia: Devolución de documentos mediante el Formato GF-FR-016 o devolución en SISEG según corresponda | K55: Detectivo | L55: Si | M55: Si | N55: Si | Q55: SI | R55: Si | S55: R3-Acc-2: Enviar la circular a todas las dependencias proveedoras de información financiera con las fechas límites para reportar los hechos económicos susceptibles a revelar en los Estados Financieros de la Entidad | T55: Circular enviada a las dependencias | U55: 01/01/2026 al 31/08/2026 | V55: En curso | W55: SI
I56: Si | J56: R3-Cont-4: Cuatrimestralmente, el Coordinador (a) del GIT Gestión Contable y/o profesionales designados, deben validar los usuarios autorizados en SIIF, mediante la revisión de las solicitudes realizadas y los usuarios activos en el aplicativo. En caso de identificar desviaciones en la ejecución del control, se deberá informar a los usuarios autorizados para que realicen nuevamente la actualización de los datos, con el fin de reactivar el usuario cumpliendo los lineamientos de seguridad. De la ejecución del control se generará la siguiente evidencia: Matriz de usuarios autorizados en SIIF | K56: Preventivo | L56: Si | M56: Si | N56: Si | Q56: SI | R56: Si
A57: Servicio Integral al Ciudadano | B57: SI | C57: R2: Posibilidad de afectación reputacional por falta de cultura organizacional a nivel institucional y por la inoportunidad en la respuesta a las PQRSD, debido a la falta de posicionamiento del proceso, de cara a los grupos de valor con los que se relaciona la entidad | D57: 46111 | E57: 46132 | F57: 46140 | G57: Apoyo | H57: Alto | I57: Si | J57: R2-Cont-1: Mensualmente ,el Profesional del grupo interno de trabajo de Servicio Integral al Ciudadano designado, verificará las peticiones pendientes de respuesta, mediante monitoreo al trámite de peticiones generando desde GESDOC un reporte de aquellas pendientes de respuesta. En caso de identificar desviaciones en la ejecución del control, reportará al jefe de dependencia al que pertenece el funcionario o contratista, informando las peticiones próximas a vencerse que no tienen respuesta. De la ejecución de los controles se generará la siguiente evidencia: Memorandos de notificación o documento en excel que consolida la información del número de radicados de envíos. | K57: Detectivo | L57: Si | M57: Si | N57: Si | O57: Reducir (Mitigar) | P57: Moderada | Q57: Parcialmente | R57: Si | S57: R2-Acc-1: Realizar reuniones trimestrales de seguimiento con los enlaces y coordinadores de las áreas responsables, orientadas a revisar el estado de los radicados, fortalecer el control sobre los tiempos de respuesta y definir acciones preventivas para mejorar la gestión oportuna de las peticiones ciudadana | T57: Actas de reunión | U57: 01/04/2026 al 30/08/2026 | V57: En curso | W57: En curso | X57: No | Y57: No | Z57: No aplica | AA57: No aplica | AB57: Si | AC57: Durante el I cuatrimestre de 2026 no se evidenció la materialización del riesgo Con relación con los controles: R2-Cont-1:El proceso aporta como evidencia de la ejecución del control la “Relación de memorandos mensuales – seguimiento oportunidad PQRSD” correspondiente a los meses de enero, febrero y marzo de 2026; no obstante, no se evidencia información para el mes de abril. Esta situación limita la verificación del cumplimiento continuo del control conforme a su periodicidad, así como la validación de su efectividad dentro del Sistema de Control Interno. R2-Cont-2: De acuerdo con la periodicidad definida para el control, el proceso debe presentar como evidencia la agenda del CIGD y su respectiva presentación de manera trimestral. No obstante, en la verificación realizada a las carpetas aportadas por el proceso (SI), se identificó ausencia de evidencias que den cuenta de la ejecución del control durante el periodo evaluado. Esta situación limita la validación del cumplimiento del control y su efectividad dentro del Sistema de Control Interno. R3-Cont-1: El proceso presenta como evidencia de la ejecución del control el archivo denominado “EQUIPO DE PARTICIPACIÓN CIUDADANA 2026”, el cual contiene registros de actividades hasta el 01/04/2026. Adicionalmente, allega el archivo “Comunicaciones seguimiento participación ciudadana 1-2026”.En este sentido, se sugiere al proceso mantener la continuidad en la ejecución del control. R3-Cont-2: El proceso, mediante la revisión del archivo denominado “Informe Participación Ciudadana abril 22”, evidencia la ejecución efectiva del control, soportada en la expedición de sesenta y seis (66) certificados de participación correspondientes al curso, lo cual permite validar el cumplimiento de la actividad establecida. R5-Cont-1: De acuerdo con la periodicidad semestral establecida para el control, la evidencia correspondiente será objeto de evaluación en la siguiente verificación cuatrimestral. No obstante, el proceso (SI) aporta como soporte el documento denominado “Evidencia solicitudes cambios de tipología primer trimestre 2026”, correspondiente a un correo electrónico de fecha 22 de abril de 2026. Por otra parte, se recomienda ajustar la redacción del control, en lo relacionado con la definición de su periodicidad de seguimiento y evaluación. Con relación al Plan de Tratamiento del Riesgo: R2-Acc-1: Acción iniciada para el presente cuatrimestre, sin presentación de avance de la ejecución. R3-Acc-1: El proceso presenta como evidencia los resultados de la Encuesta de percepción de calidad – Consulta Pública Juegos Intercolegiados Nacionales; no obstante, se sugiere realizar un ajuste en la descripción de la evidencia asociada a la ejecución de la acción, toda vez que en la ficha correspondiente se indica la presentación de informes de percepción, mientras que la evidencia aportada corresponde al reporte de la encuesta. En este sentido, se recomienda alinear la descripción de la evidencia con el soporte efectivamente presentado o, en su defecto, complementar con los informes de percepción que den cuenta del análisis y resultados esperados R5-Acc-1: Se evidencia la ejecución establecida en la descripción del plan de tratamiento. R5-Acc-2: El proceso presenta avance en la ejecución del plan de tratamiento mediante la evidencia aportada, consistente en el documento en formato Word denominado “Procedimiento, Recepción, Trámite y Seguimiento de Peticiones – Propuesta 2026 (27-02-2026)”. Indicadores R2, R3 y R5: Se evidencia la medición de los indicadores por lo que se recomienda fortalecer la gestión en la medición y análisis de indicadores como insumo clave para la gestión preventiva del riesgo. | AD57: R2-Cont-1 R2-Cont-2 R3-Cont-1 R3-Cont-2 R5-Cont-1 | AE57: R2-Acc-1 R3-Acc-1 R5-Acc-1 R5-Acc-2
I58: Si | J58: R2-Cont-2: Trimestralmente el coordinador del grupo interno de Servicio Integral al Ciudadano solicita incluir en el orden del día la presentación sobre el estado de las PQRSD ante el CIGD. y remitirá presentación a la Oficina Asesora de Planeación (secretaría técnica del CIDG) con un informe ejecutivo que presenta el estado consolidado y por dependencias de las PQRSD en el periodo para la toma de decisiones. En caso de identificar desviaciones en la ejecución del control, se enviará el informe a los jefes de dependencia. De la ejecución de los controles se generará la siguiente evidencia: Agenda del CIGD y presentación | K58: Detectivo | L58: Si | M58: Si | N58: Si | Q58: NO
C59: R3: Posibilidad de afectación reputacional del Ministerio por debilidades en la apropiación de la participación ciudadana, asociadas a la falta de espacios de aprendizaje, que pueden limitar su incorporación en políticas, planes y programas. | I59: Si | J59: R3-Cont-1: Trimestralmente, el profesional designado del GIT Servicio Integral al Ciudadano efectúa seguimiento al cumplimiento de las actividades programadas dentro de la estrategia anual de Participación Ciudadana y solicita el reporte de resultados de los mismos. En caso de identificar desviaciones en la ejecución del control, se enviará comunicación reiterando el envío inmediato de la información. De la ejecución de los controles se generará la siguiente evidencia: Comunicados de seguimiento a la ejecución de la estrategia de participación ciudadana y registro del avance de ejecución de la estrategia en el reporte de seguimiento consolidado | K59: Detectivo | L59: Si | M59: Si | N59: Si | P59: Moderado | Q59: SI | R59: Si | S59: R3-Acc-1: Aplicar encuestas de percepción y satisfacción a los participantes de los ejercicios de diálogo con la ciudadanía, con el fin de medir el nivel de comprensión del ejercicio, la facilidad de acceso y participación, así como la percepción sobre la consideración de sus aportes. | T59: Informes de percepción | U59: 01/04/2026 al 30/08/2026 | V59: En curso | W59: En curso | X59: No | Y59: No | Z59: No aplica | AA59: No aplica | AB59: Si
I60: Si | J60: R3-Cont-2: En cada vigencia, el profesional designado del grupo interno de Servicio integral al ciudadano implementará el curso virtual de participación ciudadana en la Escuela Virtual del Deporte, para fortalecer el conocimiento y el acceso a la ciudadanía ingresando a la plataforma Escuela Virtual del Deporte - EVD verificando que sus contenidos esten vigentes y solicitando al GIT TICS su activación y divulgación. En caso de desviación, se realizarán las actualización del curso y las solicitudes de activación. La divulgación se realiza a través de la página web y de las redes sociales. Evidencia : activación del curso y reporte de la Escuela Virtual del Deporte de participación y finalización del curso | K60: Preventivo | L60: Si | M60: Si | N60: Si | P60: Moderada | Q60: SI
C61: R5: Posibilidad de afectación reputacional por debilidades en la calidad de la información contenida en los reportes estadísticos de peticiones; debido a la Inadecuada gestión de cambios de tipologias de los comunicados y falta de trazabilidad cuándo y por qué se realizan los cambios | I61: Si | J61: R5-Cont-1: Semestralmente (la) Coordinador(a) del GIT de Servicio Integral al Ciudadano verifica aleatoriamente el uso acceso y edición (alimentación) de carpetas del Sharepoint de acuerdo con las temáticas asignadas a los integrantes del grupo. En caso de desviación se solicitará a los responsables que se cargue la información faltante. Como evidencia se generará comunicación al responsable donde se indique que la carpetas de sharepoint se encuentra actualizada o se requiere actualizar | K61: Detectivo | L61: Si | M61: Si | N61: Parcialmente | O61: Aceptar | P61: Moderada | Q61: SI | R61: Si | S61: R5-Acc-1: Realizar socializaciones dirigidas a los funcionarios sobre la correcta asignación y cambio de tipología. | T61: Actas o evidencia de socialización | U61: 01/04/2026 al 30/08/2026 | V61: En curso | W61: En curso | X61: No | Y61: No | Z61: No aplica | AA61: No aplica | AB61: Si
S62: R5-Acc-2: Actualizar el procedimiento de peticiones incorporando los lineamientos asociados al cambio de tipología | T62: Procedimiento actualizado | U62: 01/04/2026 al 30/08/2026 | V62: En curso | W62: En curso
A63: Apoyo a la Infraestructura Técnica y Científica | B63: ATC | C63: R3: Posibilidad de afectación reputacional, por incumplir los tiempos planificados para la revisión y seguimiento de los proyectos viabilizados, debido, a la entrega inoportuna de la información o reporte equivocado de los avances de cada una de las regiones afectando la etapa de seguimiento. | D63: 46146 | E63: 46146 | F63: 46146 | G63: Misional | H63: Moderado | I63: Si | J63: R3-Cont-1: Mensualmente, el Coordinador GIT de Infraestructura o quien haga sus veces verifica los tiempos de entrega de la información de acuerdo con el cronograma de trabajo, asi como tambien de los lineamientos establecidos por cada una de las regiones de conformidad con el plan establecido por la Direccion DRHSND.De acuerdo con el cronograma establecido por el GIT de Infraestructura, se solicita el estado del seguimiento a los contratos y convenios. En caso de identificar desviaciones en la ejecución del control, se enviarán notificaciones por correo electrónico al profesional responsable, alertando sobre los tiempos y fechas programadas. De la ejecución del control, se generará la siguiente evidencia: Documento de seguimiento del GIT de Infraestructura. Correo electrónico de notificación. | K63: Detectivo | L63: Si | M63: Si | N63: Si | O63: Reducir (Mitigar) | P63: Moderada | Q63: Parcialmente | R63: Si | S63: R3-Acc-1: Socializar los reportes de seguimiento de las regiones | T63: Reportes de seguimiento | U63: 21/10/2026 al 31/12/2026 | V63: SI | W63: SI | X63: No | Y63: No aplica | Z63: No aplica | AA63: No aplica | AB63: No | AC63: Durante el I cuatrimestre de 2026 no se evidenció la materialización del riesgo Con relación con los controles: R3-Cont-1: El proceso (ATC) presenta como evidencia de la ejecución del control un correo electrónico relacionado con la “Solicitud de actualización base de convenios para despacho” de fecha 22/04/2026, en el cual se establece como plazo el 23/04/2026 para la actualización del reporte de seguimiento de proyectos del GIT de Infraestructura. No obstante, considerando la periodicidad mensual definida para el control, se evidencia que su ejecución no se está realizando de manera consistente con dicha frecuencia. Adicionalmente, el proceso no aporta el archivo correspondiente a la “base de convenios”, lo cual limita la verificación de su efectiva actualización y, en consecuencia, la evaluación integral del control. Con relación al Plan de Tratamiento del Riesgo: R3-Acc-1: La acción para el presente cuatrimestre no requiere inicio de ejecución. Indicador R3: Se identificó la ausencia de medición y/o actualización de los indicadores clave de riesgo y de control, situación que limita la capacidad de evaluar su efectividad y el desempeño de los controles asociados. Esta debilidad afecta la oportunidad en la identificación de desviaciones y la implementación de acciones preventivas o correctivas. | AD63: R3-Cont-1 | AE63: R3-Acc-1

Sheet Sg-MSI
A1: MATRIZ SEGUIMIENTO MAPA DE RIESGOS DE SEGURIDAD DE LA INFORMACIÓN
B2: Entidad: Ministerio del Deporte | J2: ¿Se adelantó seguimiento al Mapa de Riesgos de Gestión?
B3: Responsable: Tercera línea de defensa
B4: Seguimiento: Primer Cuatrimestre 2026 | J4: Si | K4: Primer y segunda línea de defensa
B5: Fecha de publicación: 25 de junio de 2026
A6: SEGUIMIENTO Y EVALUACIÓN POR PARTE DE LA TERCERA LÍNEA DE DEFENSA
A8: FORMULACIÓN DE RIESGOS Y EVALUACIÓN | I8: VALORACIÓN DE LOS CONTROLES | R8: PLAN DE TRATAMIENTO | X8: MONITOREO, SEGUIMIENTO Y EVALUACIÓN
A9: Nombre del Proceso | B9: Siglas | C9: Descripción Riesgo | D9: Fecha Elaboración y/o actualización | E9: Fecha Aprobación | F9: Fecha de Monitoreo 2da Línea de Defensa | G9: Tipo Proceso | H9: Zona de Riesgo Inherente | I9: ¿Presenta descripción de la valoración de controles? | J9: Descripción del Control | K9: Atributo del Control | L9: ¿El diseño de los controles es efectivo? | M9: ¿Los controles cuentan con responsables de su ejecución? | N9: ¿La periodicidad de los controles es oportuna para mitigar el riesgo? | O9: Tratamiento | P9: Zona de Riesgo Residual Final | Q9: ¿Se cuenta con evidencias de la ejecución del control? | R9: ¿Formuló Plan de Tratamiento (acciones)? | S9: Descripción del Plan de Tratamiento | T9: Soporte o evidencia de la acción | U9: Fecha implementación | V9: ¿Cumple con la ejecución del Plan de Tratamiento de manera eficaz? | W9: ¿Se cuenta con evidencias de la ejecución del Plan de Tratamiento? | X9: ¿El proceso reportó Materialización del Riesgo? | Y9: ¿Se enunciaron acciones de mejora por materialización? | Z9: ¿Se activaron alertas tempranas para evitar la materialización? | AA9: ¿Se implementaron correctivos por la materialización? | AB9: ¿Se reportaron indicadores? | AC9: Observaciones y recomendaciones por parte de la Tercera Línea de Defensa - Oficina de Control Interno (OCI) | AD9: Cont | AE9: Acc
A10: Direccionamiento Estratégico y Aprendizaje Organizacional | B10: DE | C10: R4: Posibilidad de afectación reputacional, por modificación o alteración de información, debido a fallas de controles para la asignación de roles que permitan el acceso y la manipulación de documentos que se encuentran en ISOLUCION | D10: 46139 | E10: 46140 | F10: 46142 | G10: Estratégico | H10: Alto | I10: Si | J10: R4-Cont-1: Cuatrimestralmente, la Jefe de la Oficina Asesora de Planeación, solicitará al GIT de Tics el acompañamiento para realizar copias de seguridad o Backus centrales de la plataforma Isolucion-. la solicitud se realizará mediante comunicación interna al GIT: TICS el Backus de la Plataforma ISOLUCION. En caso de identificar desviaciones en la ejecución del control, notificar a la Secretaría General para que se pueda salvaguardar la información. De la ejecución de los controles se generará la siguiente evidencia: Comunicación internas, Backus o copias de seguridad realizadas. | K10: Preventivo | L10: Si | M10: Si | N10: No | O10: Reducir (Mitigar) | P10: Moderado | Q10: No aplica | R10: Si | S10: R4-Acc-1: Semestralmente generar TIPS de las funciones y roles en ISOLUCION para el tratamiento de documentos | T10: Correo electronico, piezas elaboradas | U10: 10/04/2026 al 11/11/2026 | V10: En curso | W10: NO | X10: No | Y10: No aplica | Z10: No aplica | AA10: No aplica | AB10: Si | AC10: Durante el I cuatrimestre de 2026 no se evidenció la materialización del riesgo. Con relación con los controles: R4-Cont-1: Considerando la periodicidad semestral definida para el control, no aplica su evaluación en el presente seguimiento cuatrimestral. No obstante, el proceso (DE) presenta como evidencia el memorando No. 2026IE0005090 de fecha 06/05/2026, correspondiente a la solicitud de copias de seguridad (backups) de la plataforma Isolución para el primer cuatrimestre de la vigencia 2026. Sin embargo, la tercera línea de defensa no evidencia soportes adicionales, tales como capturas de pantalla o registros técnicos, que permitan verificar la ejecución efectiva de dichas copias de seguridad, lo cual limita la validación y evaluación integral del control. Adicionalmente, se recomienda revisar y ajustar la periodicidad del control en función de las actividades que realizan los diferentes procesos del Ministerio del Deporte en la plataforma Isolución, R4-Cont-2: Considerando la periodicidad semestral definida para el control, no aplica su evaluación en el presente seguimiento cuatrimestral. No obstante, el proceso (DE) presenta como evidencia los documentos denominados: “ENLACES DEPENDENCIAS MINDEPORTE 2026”, “CatalogoUsuarios_20260309_ISOLUCION” y “Designación de enlaces para la articulación y gestión de procesos GIT de Planeación y Gestión - OAP”. Al analizar el contenido del archivo “CatalogoUsuarios_20260309_ISOLUCION”, se identifican mil trescientos setenta y cinco (1.375) usuarios registrados en la plataforma, lo cual representa una cantidad significativa frente al total estimado de funcionarios y contratistas del Ministerio del Deporte. Esta situación podría evidenciar debilidades en la gestión y depuración de usuarios, afectando los principios de control de accesos y seguridad de la información.Dada la debilidad identificada por la tercera linea de defensa se sugiere ajustar la periodicidad del control. Con relación al Plan de Tratamiento del Riesgo: R4-Acc-1: Acción aun iniciada para el presente cuatrimestre, no evidencia avance. Indicadores R4: Según la evidencia "Solicitud copia de seguridad _backup" , el marco de la de la solicitud se justifica sobre: minimización de los riesgos asociados a la pérdida de información. Además, en la evidencia denominada "1. ENLACES DEPENDENCIAS MINDEPORTE 2026" que en el caso particular se identifican listados de usuario habilitados en Isolución para ACTUALIZACIÓN DOCUMENTACIÓN DE PROCESO (ISOLUCIÓN) y FORMULACIÓN INDICADORES DE GESTIÓN (ISOLUCIÓN) para 27 personas. Por otra parte, la base "CatalogoUsuarios_20260309_ISOLUCION" contiene la relación de 1945 login en estado activo. Todo lo anterior, difiere de la Medición del Indicador Desempeño del Control, la cual indica ((0/747)= 0 . | AD10: R4-Cont-1 R4-Cont-2 | AE10: R4-Acc-1
J11: R4-Cont-2: Semestralmente el profesional asignado por la OAP realizará verificación de los usuarios con rol de facilitadores por proceso. Así mismo semestralmente el jefe de la OAP, solicitara la confirmación de los roles asignados a los enlaces para el manejo de documentos en la plataforma ISOLUCION. En caso de identificar desviaciones en la ejecución del control, desde la OAP, se procederá a la actualización del rol. De la ejecución de los controles se generará la siguiente evidencia: comunicaciones internas; aplica memorando y correos electrónicos (cuando aplique) y reporte semestral de ISOLUCION con roles asignados por usuarios. | K11: Preventivo | L11: Si | M11: Si | N11: No | Q11: No aplica
A12: Adquisición de Bienes y Servicios | B12: BS | C12: R5: Posibilidad de afectación reputacional por demoras en los procesos, sanciones e incumplimientos normativos debido a la pérdida de documentos producidos al interior del proceso | D12: 46140 | E12: 46140 | F12: 46146 | G12: Apoyo | H12: Alto | I12: Si | J12: R5-Cont-1: Cada vez que se requiera, el equipo Secop y el equipo archivo debe Digitalizar los expedientes priorizaos por entes de control, para conservar una copia de seguridad de los mismos, mediante la disposición de archivos en la nube. En caso de identificar deviaciones, descargar los documentos de la plataforma Secop o solicitarlos al área técnica. De la ejecución de los controles se generará la siguiente evidencia: relación de numero de contratos digitalizados por vigencia | K12: Preventivo | L12: Si | M12: Si | N12: Si | O12: Aceptar | P12: Moderado | Q12: SI | R12: Si | S12: R5-Acc-1: Establecer perfiles para el acceso a la información en la plataforma SECOP | T12: Listado de perfiles con permisos en la plataforma Secop | U12: 01/01/2026 al 30/11/2026 | V12: Si | W12: Si | X12: No | Y12: No aplica | Z12: No aplica | AA12: No aplica | AB12: Si | AC12: Durante el I cuatrimestre de 2026 no se evidenció la materialización del riesgo Con relación con los controles: R5-Cont-1: Se sugiere al proceso mantener la continuidad en la ejecución del control con el fin de mantener su efectividad dentro del sistema de control interno. Con relación al Plan de Tratamiento del Riesgo: R5-Acc-1: Acción iniciada para el presente cuatrimestre con la presentación del documento "Perfiles SECOP II" Indicador R5: Se identifica como evidencia la base denomidada "Enlaces a Secop de los procesos contractuales adelantados, donde puede ser consultada toda la información del proceso y del contrato" por tanto, En la revisión realizada se evidenció el monitoreo por parte de la segunda línea de defensa para los indicadores mencionados. Por lo anterior, se recomienda fortalecer el cumplimiento de las actividades de monitoreo. | AD12: R5-Cont-1 | AE12: R5-Acc-1
A13: Inspección Vigilancia y Control | B13: IVC | C13: R3: Posibilidad de afectación reputacional por Falta de personal de planta en los procedimientos de inspección y vigilancia, falta de sistemas de información; ausencia de tecnología. debido a Falta de personal capacitado, herramientas adecuadas o protocolos de supervisión establecidos. | D13: 46113 | E13: 46146 | F13: 46146 | G13: Misional | H13: Moderado | I13: Si | J13: R3-Cont-1: Cuatrimestralmente el gestor documental, realizar control en el acceso a la información que reposa en el SharePoint, basado en roles asignados. Los permisos de cada usuario se asignan de acuerdo con su perfil y rol por cada Grupo Interno de Trabajo, asegurando que los usuarios solo puedan acceder a la información relevante para su trabajo, evitando accesos no autorizados a información que no les correspondan. En caso de desviación del control, ajusta los accesos a las bases de datos, para que correspondan a los roles definidos del profesional e informa la corrección al coordinador a través de correo electrónico. Las evidencias de la ejecución del control deben incluir: un registro y/o revisión en SharePoint con los permisos otorgados a los miembros de cada GIT. | K13: Preventivo | L13: Si | M13: Si | N13: Si | O13: Aceptar | P13: Moderado | Q13: Si | R13: Si | S13: R3-Acc-1: Trimestral Realizar revisión del contenido de las bases de datos, para verificar la actualización de la información | T13: Correos informando la ejecución de la actividad al coordinador | U13: 16/02/2026 al 15/12/2026 | V13: En curso | W13: En curso | X13: No | Y13: No aplica | Z13: No aplica | AA13: No aplica | AB13: No | AC13: Durante el I cuatrimestre de 2026 no se evidenció la materialización del riesgo. R3-Cont-1: El proceso (IVC) presenta como evidencia de la ejecución del control un soporte correspondiente a un registro y/o revisión en la plataforma SharePoint. No obstante, no es posible verificar la fecha de ejecución del control, lo cual limita su evaluación, dado que no se puede validar el cumplimiento de la periodicidad cuatrimestral establecida. En consecuencia, se recomienda fortalecer los mecanismos de registro de la evidencia, asegurando la trazabilidad y fecha cierta de ejecución del control. R3-Cont-2: El proceso (IVC) presenta como evidencia de la ejecución del control cuatro archivos correspondientes a capturas de pantalla relacionadas con la actualización de la información que reposa en el SharePoint de la Dirección de IVC. No obstante, se recomienda fortalecer las medidas de respaldo de la información mediante la implementación de copias de seguridad periódicas, con el fin de prevenir riesgos asociados a la pérdida de información y garantizar la integridad, disponibilidad y continuidad de la información. Con relación al Plan de Tratamiento del Riesgo: R3-Acc-1: Acción iniciada para el presente cuatrimestre con la presentación de correos electrónicos con el asunto "Solicitud de actualización" con fecha del 28/04/2026 y 21/04/2026. No obstante, la ejecución se encuentra parcialmente incumplida dado que la frecuencia es trimestral.. R3-Acc-2: La acción se encuentra iniciada para el presente cuatrimestre; no obstante, se evidencian debilidades en el soporte de su ejecución que conllevan a un cumplimiento parcial. En particular, el proceso aporta capturas de pantalla de los sitios de información compartida al interior de la Dirección Técnica de Inspección, Vigilancia y Control; sin embargo, no se evidencian soportes adicionales tales como correos electrónicos o memorandos remitidos a los GIT de TIC o al GIT de Gestión Administrativa, que den cuenta de la gestión adelantada y la articulación interdependencias. Indicador R3: No se evidencia la medición de los indicadores por lo que se recomienda fortalecer la gestión en la medición y análisis de indicadores como insumo clave para la gestión preventiva del riesgo. | AD13: R3-Cont-1 R3-Cont-2 | AE13: R3-Acc-1 R3-Acc-2
I14: Si | J14: R3-Cont-2: Cada vez que se requiera, los profesionales de cada GIT se encargan de actualizar y/o alimentar las bases de datos según su competencia y autorización para modificar el contenido en SharePoint. Esta acción se realiza cuando se recibe nueva información sobre los procedimientos de la Dirección. En caso de identificarse una desviación en el control, el coordinador deberá solicitar la actualización de la información. La evidencia de la ejecución del control se respaldará con las bases de datos actualizadas y, correos electrónicos relacionados (cuando aplique). | K14: Preventivo | L14: Si | M14: Si | N14: Si | Q14: Si | R14: Si | S14: R3-Acc-2: Solictar al GIT; TIC/GIT:Gestión Administrativa, controles para restringir el acceso a información confidencial de procesos de la Dirección de Inspección, Vigilancia y Control | T14: Correos / Memorandos a los l GIT; TIC/GIT:Gestión Administrativa, | U14: 02/02/2026 al 31/03/2026 | V14: Si | W14: NO
A15: Gestión Jurídica | B15: GJ | C15: R3: Posibilidad de afectación reputacional, por uso indebido de la información que reposa en los expedientes físicos de la oficina, debido a fallas en la custodia de la información física que reposa en la oficina asesora jurídica | D15: 45595 | E15: 45595 | F15: 46147 | G15: Apoyo | H15: Moderado | I15: Si | J15: R3-Cont-1: Cada vez que se requiera el Gestor documental, verifica la solicitud de préstamos de expediente por parte del abogado, mediante el registro en el formato SOLICITUD DE PRESTAMOS DOCUMENTALES, para dejar la trazabilidad de la salida y entrega del expediente. En caso de presentarse desviaciones, el gestor documental solicitara mediante correo la devolución a completitud del expediente prestado. De la ejecución del control se generará los siguiente: Registros de préstamos de expedientes Correos electronicos (cuando aplique) | K15: Preventivo | L15: Si | M15: Si | N15: Si | O15: Aceptar | P15: Bajo | Q15: Si | R15: Si | S15: R3-Acc-1: Remitir correo electrónico a los profesionales que conforman la Oficina Asesora Jurídica, señalando el personal que únicamente se encuentra autorizado para ingresar, sustraer y/o entregar los expedientes que se encuentran en el archivo físico de la OAJ. | T15: Correo electrónico | U15: 46117 | V15: SI | W15: Evidencia extemporánea | X15: No | Y15: No aplica | Z15: No aplica | AA15: No aplica | AB15: No aplica | AC15: Durante el I cuatrimestre de 2026 no se evidenció la materialización del riesgo Con relación con los controles: R3-Cont-1: El proceso (GJ) presenta como evidencia de la ejecución del control el formato “Solicitud de Consulta y Préstamo Documental - GD-FR-030”, en el cual se identifican, para la vigencia 2026, seis (6) préstamos de expedientes. En consecuencia, se sugiere al proceso mantener la continuidad en la ejecución del control, con el fin de preservar su efectividad y contribuir al adecuado funcionamiento del Sistema de Control Interno Con relación al Plan de Tratamiento del Riesgo: R3-Acc-1: La acción se encuentra iniciada para el presente cuatrimestre; sin embargo, al revisar la evidencia aportada, se identifica que el correo electrónico presenta fecha del 14 de abril de 2026. En este sentido, se evidencia que la ejecución de la acción no se realizó dentro del plazo establecido en el plan de tratamiento, lo que conlleva a un cumplimiento parcial de la misma. Indicador R3: Se evidencia que el proceso hace referencia al formato GD-FR-030 versión 2 como soporte documental de la evidencia; sin embargo, al verificar dicho formato en el aplicativo Isolución, se identifican diferencias en cuanto a su estructura y presentación frente al documento aportado como evidencia denominado “Indicador Clave del Riesgo – Solicitud de Consulta y Préstamos Documental”. Esta inconsistencia limita la trazabilidad y la correspondencia entre el formato oficial aprobado y el documento utilizado por el proceso.. | AD15: R3-Cont-1 | AE15: R3-Acc-1
A16: Gestión de los Recursos Físicos | B16: RF | C16: R4: Posibilidad de afectación reputacional por inadecuados medios tecnologicos que almacenen la informacion de la base de datos de inventarios en sitios diferentes y de acuerdo con los estandares previstos para tal fin de manera periodica de la plataforma SOAWEB, debido a la falta de controles para la conservacion de la información contenida en el aplicativo SOAWEB, rezago en la actualizacion de los inventarios de elementos de propiedad del Ministerio, bienes devolutivos y de consumo por inadecuado almacenamiento y conservacion en el apliacativo SOAWEB | D16: 46107 | E16: 46107 | F16: 46146 | G16: Apoyo | H16: Alto | I16: Si | J16: R4-Cont-1: El Profesional Especializado con funciones de Almacenista realizara reportes en excel desde el software SOAWEB de movimientos mensualmente, una vez efectuado el cierre de almacen y conciliado con contabilidad, . En caso de identificar desviaciones en la ejecución del control se generara alerta al personal que se designe en el Almacen (personal de planta), quienes deberan remitir la informacion a gestion documental para su conservacion, con periodicidad mensual. De la ejecución del control se generaran las siguientes evidencias: Correo electrónico adjuntando soportes del aplicativo a contabilidad y soporte entrega a gestión documental de la documentacion generada. | K16: Preventivo | L16: Si | M16: Si | N16: Si | O16: Reducir (Mitigar) | P16: Moderada | Q16: Si | R16: Si | S16: R4-Acc-1: Solicitar al GIT TIC´s confirme la realizacion de copias de seguridad de la informacion contenida en el aplicativo de inventarios y su ubicacion la cual debe ser diferente a la base original. Generar mensualmente en excel los movimientos de almacen (entradas, salidas, traslados) efectuados desde inicio de la vigencia hasta la fecha de cierre. | T16: Evidencia correos electrónicos al GIT de TIC´S y listados en excel de todos los movimientos. | U16: 12/01/2026 al 30/11/2026 | V16: En curso | W16: No aplica para el cuatrimestre | X16: No | Y16: No aplica | Z16: No aplica | AA16: No aplica | AB16: No | AC16: Durante el I cuatrimestre de 2026 no se evidenció la materialización del riesgo. R4-Cont-1: El proceso (RF) presenta como evidencia de la ejecución del control cuatro (4) archivos correspondientes a los movimientos del aplicativo SOA para los meses de enero, febrero y marzo de 2026, sin incluir información para el mes de abril de la misma vigencia. En este sentido, considerando que la frecuencia del control es mensual, se identifica una limitación en la verificación para el mes de abril, lo cual impide validar el cumplimiento oportuno del control conforme a la periodicidad establecida. Con relación al Plan de Tratamiento del Riesgo: R4-Acc-1: La acción para el presente cuatrimestre no requiere inicio de ejecución. Indicador R4: Considerando la frecuencia del indicador # de backups efectuados por TIC´s / # total de backups mensuales a efectuar durante la vigencia. Se identifica la inexistencia de la evidencia de la ejecución del indicador. Adicionalmente no evidenció el monitoreo por parte de la segunda línea de defensa para los indicadores mencionados. Por lo anterior, se recomienda fortalecer el cumplimiento de las actividades de monitoreo. | AD16: R4-Cont-1 | AE16: R4-Acc-1
A17: Gestión Documental | B17: GD | C17: R3: Posibilidad de afectación reputacional por Falta de disponibilidad para el almacenamiento digital, expedientes incompletos producidos por las diferentes dependencias, debido a Fallas en la implementación del sistema integrado de conservación - SIC (componente de preservación digital a largo plazo, aplicación de TRD) | D17: 46134 | E17: 46136 | F17: 46141 | G17: Misional | H17: Alto | I17: Si | J17: R3-Cont-1: De manera cuatrimestre, el profesional en Gestión Documental realiza visitas de seguimiento para el cumplimiento de la aplicación de las TRD, de acuerdo con el cronograma de trabajo, se realizan las visitas a las Dependencias para realizar seguimiento y verificación de la implementación de las TRD. En caso de desviación, se reprograma la visita con los gestores documentales mediante correo electrónico. De la ejecución del control se generan las siguientes evidencias: 1- Cronograma de visitas de seguimiento 2- Matriz de seguimiento aplicación de TRD 3- Actas de visitas de seguimiento o informes de seguimiento. 4- Correo electronico ( cuando aplique) | K17: Preventivo | L17: Si | M17: Si | N17: Si | O17: No identificado | P17: Moderada | Q17: NO | R17: Si | S17: R3-Acc-1: Realizar en articulación con TIC capacitaciones del Sistema Integrado de Conservación - Plan de Preservación Digital a Largo plazo con énfasis en el uso, gestión y actualización del sistema de Gestión Documental – GESDOC | T17: Lista de Asistencia de 2 capacitaciones | U17: 15/01/2026 al 15/12/2026 | V17: En curso | W17: Si | X17: No | Y17: No aplica | Z17: No aplica | AA17: No aplica | AB17: No | AC17: Durante el I cuatrimestre de 2026 no se evidenció la materialización del riesgo. Con relación con los controles: R3-Cont-1: El proceso (GD) no registró ejecución del control durante el periodo evaluado, lo que limita la verificación de su cumplimiento y la efectividad del mismo dentro del Sistema de Control Interno. R3-Cont-2: El proceso (GD) presenta como evidencia de la ejecución del control Consecutivos de Comunicaciones Oficiales (Enviadas/recibidas) Con relación al Plan de Tratamiento del Riesgo: R3-Acc-1: Acción iniciada para el presente cuatrimestre con la presentación del documento "LISTAS DE ASISTENCIA0001_refuerzo" Indicador R3: No se evidencia la medición de los indicadores por lo que se recomienda fortalecer la gestión en la medición y análisis de indicadores como insumo clave para la gestión preventiva del riesgo. Adicionalmente, la segunda línea no menciona nada al respecto. | AD17: R3-Cont-1 R3-Cont-2 | AE17: R3-Acc-1
J18: R3-Cont-2: El profesional en Gestión Documental semestral genera el reporte de consecutivo de comunicaciones oficiales EE; IE;ER por cada una de las dependencias, de acuerdo a la radicaciones que se genera en la entidad se descargará el consolidado del consecutivo de comucaciones por cada una de las dependencias y se resguardará la información como copia de seguridad en el SHarepoint de Administrativa y en el aplicativo de Gestión Documental. En caso de identificar desviasiones del control se solicitará a TIC permisos de acceso para el decargue de la totalidad de la información. De la ejcución de los controles se generan las siguientes evidencias: 1. Consolidado de comunicaciones oficiales: IE: Internas enviadas ER: Externas recibidas EE: Externas enviadas 2. Pantallazo de cargue 3. Correo electrónico (cuando aplique) | K18: Detectivo | L18: Si | M18: Si | N18: Si | Q18: Si
A19: Gestión Proceso Disciplinario | B19: GP | C19: R3: Posibilidad de afectación reputacional por la no asignación oportuna de las noticias disciplinarias para el inicio del impulso procesal, debido a fallas en el monitoreo de las quejas y/o denuncias disciplinarias allegadas a través de los canales de atención del Ministerio del Deporte. | D19: 46132 | E19: Sin diligenciar | F19: 46149 | G19: Evaluación | H19: Moderado | I19: Si | J19: R3-Cont-1: El jefe de la Oficina de Control Interno Disciplinario o el profesional asignado verifica diariamente el registro y la asignación de las noticias disciplinarias recibidas a través de los canales de atención, asegurando que estas sean repartidas oportunamente a los abogados instructores para el inicio del impulso procesal. Para ello, realiza seguimiento a los registros en los sistemas institucionales y valida su asignación mediante los reportes generados en el aplicativo GESDOC, que permiten evidenciar la trazabilidad del ingreso, registro y reparto de las noticias disciplinarias. La evidencia de la ejecución del control es un muestreo de los reportes generados desde el aplicativo GESDOC, los cuales evidencian el ingreso, registro y asignación por reparto de las noticias disciplinarias, garantizando la trazabilidad del proceso | K19: Preventivo | L19: No | M19: Si | N19: No | O19: Reducir (Mitigar) | P19: Moderada | Q19: NO | R19: Si | S19: R3-Acc-1: Gestionar la asignación oportuna de las noticias disciplinarias que se encuentren pendientes o con retraso en su reparto, mediante el seguimiento a la base de datos de procesos disciplinarios, con el fin de garantizar el inicio del impulso procesal. | T19: Base de datos de procesos disciplinarios que evidencie el número de expediente, fecha de la última acta de reparto y abogado asignado, permitiendo verificar la trazabilidad y asignación de los procesos disciplinarios. La información se presenta de manera parcial o anonimizada, en cumplimiento de la reserva legal de la información disciplinaria. | U19: 01/01/2026 al 31/12/2026 | V19: SI | W19: Si | X19: No | Y19: No aplica | Z19: No aplica | AA19: No aplica | AB19: Si | AC19: Durante el I cuatrimestre de 2026 no se evidenció la materialización del riesgo Con relación con los controles: R3-Cont-1 :El proceso (GP) presenta como evidencia de la ejecución del control el documento denominado “Checklist permisos de carpeta”. No obstante, considerando que la evidencia definida en el control corresponde a un muestreo de los reportes generados desde el aplicativo GESDOC, los cuales deben evidenciar el ingreso, registro y asignación por reparto de las noticias disciplinarias, se identificó que dichos aspectos no son verificables en el contenido del archivo aportado. En consecuencia, se evidencia una falta de coherencia entre la evidencia presentada y la definida en el diseño del control, lo cual limita la validación de su ejecución y efectividad. Adiconalmente en el diseño del control no se incluye la periodicidad de ejecución del control Con relación al Plan de Tratamiento del Riesgo: R3-Acc-1: Acción iniciada para el presente cuatrimestre con la presentación de tres archivos de alertas mensuales para los meses de febrero, marzo y abril, de 2026, no se encuentra soporte del mes de enero de la presente vigencia. Indicador R3: El proceso presenta como evidencia "Checklist permisos de carpeta.xlsx" por tanto, se evidenció que el proceso reportó la información correspondiente al primer cuatrimestre, relacionada con los indicadores de riesgo. | AD19: R3-Cont-1 | AE19: R3-Acc-1
A20: Proceso Gestión Ambiental | B20: GA | C20: R2: Posibilidad de afectación reputacional por la desorganización de documentos y registros asociados al proceso de Gestión ambiental, debido a fallas en la disposición final de la información que se genera en el proceso de Gestión Ambiental que afecta la integridad de la información. | D20: 46134 | E20: 46141 | F20: 46142 | G20: Apoyo | H20: Moderado | I20: Si | J20: R2-Cont-1: El profesional de Gestión Documental, centraliza el almacenamiento de documentos del Sistema de Gestión Ambiental en carpeta SharePoint del GIT: Administrativa y en Sistema de Gestión documental GESDOC. De manera mensual recibe la documentación general por parte del proceso de GESTION AMBIENTAL y establece los permisos de acceso. En caso de desviación, el profesional de gestión ambiental, remitirá correo de alertas informando que no se ha cargado la información enviada. De la ejecución del control , se generara la siguiente evidencia. 1- correo de remisión de la información. En caso que no se cuente con información, remitir correo notificando la situación. 2- pantallazo de verificación de cargue de información en sharepoint y GESDOC | K20: Detectivo | L20: No | M20: Si | N20: Si | O20: Reducir (Mitigar) | P20: Baja | Q20: NO | R20: Si | S20: R2-Acc-1: Verificar de manera semestral los contenidos en la página web del ministerio asociados a la gestión ambiental. | T20: Solicitud a comunicaciones de la actualización de la página web | U20: 01/03/2026 al 01/11/2026 | V20: SI | W20: Si | X20: No | Y20: No aplica | Z20: No aplica | AA20: No aplica | AB20: Si | AC20: Durante el I cuatrimestre de 2026 no se evidenció la materialización del riesgo Con relación con los controles: R2-Cont-1: El proceso (GA) no registró ejecución del control durante el periodo evaluado, lo que limita la verificación de su cumplimiento y la efectividad del mismo dentro del Sistema de Control Interno. Adicionalmente, el diseño de control no establce la periodicidad del mismo. R2-Cont-2: El proceso (GA) no registró ejecución del control durante el periodo evaluado, lo que limita la verificación de su cumplimiento y la efectividad del mismo dentro del Sistema de Control Interno. Adicionalmente, el diseño de control no establce la periodicidad del mismo. Con relación al Plan de Tratamiento del Riesgo: R2-Acc-1: La acción se encuentra iniciada para el presente cuatrimestre, evidenciada mediante la presentación del documento “Actualización Sitio Web” correspondiente al mes de febrero de 2026. No obstante, se sugiere al proceso fortalecer la periodicidad en el reporte de avance de la ejecución del plan de tratamiento, a fin de garantizar un seguimiento continuo y oportuno. Indicador R1: No se evidencia la medición de los indicadores por lo que se recomienda fortalecer la gestión en la medición y análisis de indicadores como insumo clave para la gestión preventiva del riesgo. Adicionalmente, la segunda línea no menciona nada al respecto. | AD20: R2-Cont-1 R2-Cont-2 | AE20: R2-Acc-1
J21: R2-Cont-2: El profesional designado para Gestión Ambiental, de manera anual verifica y actualiza los activos de información asociados al proceso de Gestión Ambiental, validando que la información contenida sea coherente con la normatividad vigente aplicable. En caso de desviación del control, se solicitará el acompañamiento al GIT TICS para la actualización de los activos de información. De la ejecución del control se generan las siguientes evidencias: Correo electrónico dirigido al coordinador del GIT Gestión Administrativa indicando el estado de los activos asociados al proceso de Gestión Ambiental. Y activos de información actualizados. | K21: Preventivo | L21: No | M21: Si | N21: Si | Q21: NO
A22: Fomento al Desarrollo Humano y Social | B22: FD | C22: R4: Posibilidad reputacional por la pérdida o modificacion de la información contenida en las bases de datos relacionados con el proceso, afectando la integridad d ela información debido a la falta de seguimiento a la informacion producida por la Direccion de Fomento y Desarrollo por parte de funcionarios y contratistas | D22: 46138 | E22: 46139 | F22: No informa | G22: Misional | H22: Moderado | I22: Si | J22: R4-Cont-1: Cada vez que se requiera, el y/o los supervisores de los GIT de la Dirección de Fomento y Desarrollo (Actividad Fìsica, Recreaciòn, Deporte Escolar, Deporte Social Comunitario), verifica que la información generada de los contratos, convenios y/o contratos interadministrativos, sean cargadas en las carpetas habilitada en el sharePoint. Solicita el cargue de las evidencias en cada una de las carpetas correpondientes para generar el cumplimiento de los contratistas. En caso de identificar desviación del control, el supervisor mediante correo electronico solicita el cargue el cargue de la información. De la ejecución del control se genera la siguiente evidencia: 1- pantallazos del sharepoint 2- correos electronicos (cuando aplique) Frecuencia: Cuatrimestral | K22: Preventivo | L22: Si | M22: Si | N22: Si | O22: Aceptar | P22: Moderado | Q22: Parcialmente | R22: Si | S22: R4-Acc-1: Generar un backup de la información producida en el periodo de ejecución del contrato de prestación de servicios y entregado al supervisor. | T22: Copias de seguridad (backup) de la información. Correos electrónicos de entrega de información al supervisor. Soportes de almacenamiento en repositorios institucionales o dispositivos autorizados. Registros de seguimiento y validación de entrega de información. Actas o soportes de recibo de información por parte del supervisor. | U22: 1/03/2026 al 15//12/2026 | V22: SI | W22: NO | X22: No | Y22: No aplica | Z22: No aplica | AA22: No aplica | AB22: No | AC22: R4-Cont-1: El proceso (FD) presenta como evidencia de la ejecución del control el archivo denominado “Copia de Base de datos - información contratos - CPSP - CPSA”, el cual corresponde únicamente al GIT de Recreación, sin incluir información de los demás grupos internos de trabajo (Actividad Fìsica, Deporte Escolar, Deporte Social Comunitario). Lo anterior limita la verificación integral del control, en la medida en que la evidencia no refleja la totalidad del universo definido para su ejecución. Adicionalmente, se evidenció que la segunda línea de defensa no realizó el monitoreo al proceso, conforme a lo establecido, situación que fue validada mediante la revisión de la matriz de riesgos. R4-Acc-1: El proceso (FD) no registró la ejecución del plan de tratamiento durante el periodo evaluado, toda vez que no aporta evidencias tales como: copias de seguridad (backup) de la información, correos electrónicos de entrega al supervisor, soportes de almacenamiento en repositorios institucionales o dispositivos autorizados, registros de seguimiento y validación de la entrega de información, ni actas o documentos que acrediten el recibo por parte del supervisor. Esta situación limita la verificación de su cumplimiento y la evaluación de su efectividad dentro del Sistema de Control Interno. | AD22: R4-Cont-1 | AE22: R4-Acc-1
A23: Evaluación Independiente y Mejora Continua | B23: EI | C23: R3: Posibilidad de afectación reputacional por la falta de espacio digital para almacenamiento de la evidencia que soporta los trabajos de la OCI debido a la carencia de medidas de seguridad y custodia de la información digital. | D23: 45771 | E23: 46139 | F23: 46140 | G23: Evaluación | H23: Moderado | I23: Si | J23: R3-Cont-1: Semestralmente, el Jefe de la Oficina de Control Interno o quien haga sus veces, debe validar que las evidencias de los informes generados en el periodo se encuentre en el sitio de SharePoint de la OCI así como el papel de trabajo y documentación oficial emitida mediante revisión ocular y diligenciamiento de base de datos en excel y descargando una copia de la información en el disco duro de la OCI. En caso de identificar desviaciones en la ejecución del control, se notificará por medio de correo electrónico al auditor la falta de completitud de la información en el repositorio de SharePoint. De la ejecución del control se generará la siguiente evidencia: Información cargada en SharePoint, correo electrónico en caso de detectar alertas y copia de la información en el disco duro de la OCI. | K23: Preventivo | L23: Si | M23: Si | N23: Si | O23: Reducir (Mitigar) | P23: Moderada | Q23: Si | R23: Si | S23: R3-Acc-1: 1. Desarrollar mesa de trabajo de socialización de lineamientos para la conservación de papel de trabajo de la OCI | T23: 1. Acta de la mesa de trabajo | U23: 01/06/2026 al 01/07/2026 | V23: No aplica para el cuatrimestre | W23: No aplica para el cuatrimestre | X23: No | Y23: No aplica | Z23: No aplica | AA23: No aplica | AB23: No aplica | AC23: Durante el I cuatrimestre de 2026 no se evidenció la materialización del riesgo. Con relación con los controles: R3-Cont-1: La acción para el presente cuatrimestre no requiere inicio de ejecución Con relación al Plan de Tratamiento del Riesgo: R3-Acc-1: La acción para el presente cuatrimestre no requiere inicio de ejecución Indicador R2: No aplica. | AD23: R3-Cont-1 | AE23: R3-Acc-1
A24: Gestión de TIC'S | B24: TI | C24: R3: Posibilidad de afectación económica y reputacional de la entidad por fuga de información de la entidad por compartirla con personas no autorizadas, falta de sensibilización de los usuarios y contratistas en la aplicación de buenas prácticas de seguridad y falta de planes de continuidad y recuperación ante desastres, debido a no realizar monitoreo de herramienta para prevencion de envio de información confidencial, no realizar la sensibilizaciones sobre lineamientos de Seguridad de la Información y Ciberseguridad y no actualizar y probar los planes de continuidad y recuperación ante desastres | D24: 46122 | E24: 46134 | F24: 46146 | G24: Apoyo | H24: Alto | J24: R3-Cont-1: Cuatrimestralmente, el líder de ciberseguridad del GIT TIC's debe verificar que las reglas de protección de confidencialidad de la información aplicadas por el sistema de protección del correo electrónico de Mindeporte, cumplen con la política de seguridad de la información En caso de identificar desviaciones en la ejecución del control, solicitará efectuar el bloqueo preventivo de los correos que incumplen con la politica de seguridad. De la ejecución del control se generará la siguiente evidencia: Reglas de la plataforma de seguridad con los dominios de correos autorizados para correos salientes y la acción de cuarentena para dominios de correos no autorizados. | K24: Preventivo | L24: Si | M24: Si | N24: Si | O24: Aceptar | P24: Moderado | Q24: Si | R24: Si | S24: R3-Acc-1: Socializar el procedimiento de etiquetado de información pública, clasificada y reservada según se define en la Ley 1712 de 2014 | T24: Procedimiento implementado y socializado | U24: 1/07/2026 al 18/12/2026 | V24: No aplica para el cuatrimestre | W24: No aplica para el cuatrimestre | X24: Si | Y24: Si | Z24: Si | AA24: Si | AB24: Si | AC24: Durante el I cuatrimestre de 2026 se evidenció la materialización del riesgo. Con relación con los controles: R3-Cont-1: El proceso (TI) presenta como evidencia de la ejecución del control los documentos denominados “Evidencia R3-Cont1 Filtrado de Correo Sophos 2026” y “Evidencia R3-Cont1 Filtrado de Correo caso agencia de viajes”, los cuales corresponden a la verificación de bloqueo y restricciones de correos entrantes y salientes. Si bien la evidencia permite validar la ejecución del control, se recomienda revisar y ajustar la periodicidad definida, considerando que los riesgos asociados a la seguridad de la información, particularmente los relacionados con ataques a través de dominios de correo electrónico, se materializan de manera continua, masiva y diaria. R3-Cont-2: El proceso (TI) presenta como evidencia de la ejecución del control el Plan de Continuidad del Negocio MINDEPORTE 2025 y el Plan de Recuperación de Desastres 2025. No obstante, dichos documentos corresponden a instrumentos de planeación y no permiten, por sí mismos, verificar la ejecución efectiva del control en el periodo evaluado. En este sentido, se recomienda ajustar la periodicidad del control y redefinir la evidencia asociada, de manera que se incorporen soportes que den cuenta de la verificación, prueba, seguimiento y/o actualización periódica de los planes. Lo anterior, con el fin de asegurar la trazabilidad y demostrar que el proceso está ejecutando de manera efectiva el control establecido. R3-Cont-3: El proceso (TI) no registró ejecución del control durante el periodo evaluado, lo que limita la verificación de su cumplimiento y la efectividad del mismo dentro del Sistema de Control Interno. Con relación al Plan de Tratamiento del Riesgo: R3-Acc-1: La acción para el presente cuatrimestre no requiere inicio de ejecución R3-Acc-2: Acción iniciada para el presente cuatrimestre, tal como se identifica con las evidencias: Seguimiento Febrero 2026 Plan tratamiento Riesgos Seguridad Privacidad Información y PLAN_TRATAMIENTO_RIESGOS_SEGURIDAD_Y_PRIVACIDAD_DE_LA_INFORMACIÓN 2026, no se identifica la publicación de los mismos. R3-Acc-3: La acción se encuentra iniciada para el presente cuatrimestre, evidenciada mediante los documentos “Seguimiento Febrero 2026 Plan de Tratamiento de Riesgos de Seguridad y Privacidad de la Información” y “PLAN_TRATAMIENTO_RIESGOS_SEGURIDAD_Y_PRIVACIDAD_DE_LA_INFORMACIÓN 2026”. No obstante, no se evidencia el Informe de Plan de Contingencia activado, lo cual limita la verificación integral de la ejecución de la acción y su efectividad frente a posibles eventos materializados. Indicador R3: Acorde con lo expresado por el proceso (TI) : "Informe materialización del Riesgo, debido a que se presentó un ataque de correo en modalidad de Phishing, donde un correo malicioso suplantando el dominio Mindeporte invita a dar clic al mensaje y hace suplantación de la página de inicio de sesión de Microsoft, para ingresar y capturar usuario y contraseña. Este ataque ocasionó el robo de usuario y contraseña, que luego se utilizó para continuar la sustracción de contraseñas a más usuarios del Ministerio y también de otros usuarios externos". De lo anterior, la segunda línea en su rol de monitorero indica: "Durante el I cuatrimestre de 2026 se evidenció la materialización del riesgo, asociada a un incidente de seguridad de la información presentado el 24 de febrero de 2026, correspondiente a un ataque de tipo phishing que derivó en la captura de credenciales de usuarios institucionales". La tercera linea de defensa ante la materialización del riesgo, no identica evidencia relacionada con la Implementación del Doble Factor de Autenticación, el cual corresponde a uno de los controles aplicados para mitigar la repetición de la materialización. Adicionalmente, no se identifica el acta de reunión 17 del abril, a las 3:00 p.m, en la cual se verificarón aspectos relacionados con la valoración del riesgo y frecuencia de los controles. | AD24: R3-Cont-1 R3-Cont-2 R3-Cont-3 | AE24: R3-Acc-1 R3-Acc-2 R3-Acc-3
J25: R3-Cont-2: Anualmente, el Coordinador del GIT TIC's debe verificar que exista el plan de continuidad y recuperacion de desastres requeridos para el servicio afectado En caso de identificar desviaciones en la ejecución del control, ordenará que se revisen de forma periodica y se ejecuten las pruebas del plan de continuidad y recuperación de desastres establecidos. Evidencia: Planes de continuidad y recuperación de desastres vigentes | K25: Preventivo | L25: No | M25: Si | N25: No | Q25: Si | R25: Si | S25: R3-Acc-2: Realizar gestion de seguimiento del plan de tratamiento de riesgos de seguridad y registrar el indicador en el aplicativo Siseg | T25: Documentos actualizados y publicados | U25: 1/02/2026 al 27/12/2026 | V25: SI | W25: Si
I26: Si | J26: R3-Cont-3: Mensualmente, el Líder de Ciberseguridad del GIT TIC's debe realizar campañas de sensibilización (Charlas y mensajes vía correo) sobre lineamientos de seguridad de la información, dirigido a funcionarios y contratistas. En caso de identificar desviaciones en la ejecución del control, Se gestionará la publicación en Intranet de mensajes de sensibilizacion y plan de apropiación de la Politica de Seguridad Digital por parte del GIT TICs. De la ejecución del control se generará la siguiente evidencia: 1. Formato de asistencia charlas de seguridad 2. Mensajes de seguridad de la información emitidos | K26: Preventivo | L26: Si | M26: Si | N26: Si | Q26: NO | S26: R3-Acc-3: Enviar correo de activación del plan de contingencia por parte de GIT TIC´s (cuando aplique). | T26: Informe de Plan de Contingencia activado | U26: 1/02/2026 al 27/12/2026 | V26: SI | W26: Si
A27: Altos Logros | B27: AL | C27: R2: Posibilidad de afectación económica y reputacional por el desconocimiento de los activos de información por parte de funcionarios y contratistas del proceso de Altos Logros, debido a la ausencia de mecanismos para la custodia de información clasifiacada como reservada en los activos de información. | D27: 46136 | E27: 46132 | F27: 46148 | G27: Misional | H27: Moderado | I27: Si | J27: R2-Cont-1: Los profesionales de los GIT Centro de Ciencias del Deporte y GIT Estimulos e Incentivos, realizan de manera mensual la verrificación de los lineamientos establecidos para manipulación de la información sensible de acuerdo con los activos de información del proceso, De acuerdo con el nivel de criticidad de la información clasificada como sensible, estas se custodian en carpetas del sharepoint de cada GIT a traves de permisos y control de acceso. En caso de presentarse de desviación se verificará los permisos otorgados para el acceso a la información. De la ejecución del control se genera las siguientes evidencias. Soportes de las carpetas de custodia y permisos otorgados. | K27: Detectivo | L27: Si | M27: Si | N27: Si | O27: Reducir (Mitigar) | P27: Moderada | Q27: NO | R27: Si | S27: R2-Acc-1: Socialización a funcionarios y contratistas los activos de información del proceso de altos logros | T27: Reunión interna para la socialización de los activos de información a los funcionarios y contratistas del proceso de altos logros. | U27: 02/01/2026 al 31/12/2026 | V27: SI | W27: Si | X27: No | Y27: No aplica | Z27: No aplica | AA27: No aplica | AB27: No | AC27: Durante el I cuatrimestre de 2026 no se evidenció la materialización del riesgo Con relación con los controles: R2-Cont-1: El proceso (AL) presenta como evidencia de la ejecución del control, por parte del GIT Centro de Ciencias del Deporte, tres (3) archivos correspondientes a pantallazos de documentación asociada a archivos de gestión de la dependencia (plataforma TOPRA, entre otros). No obstante, no se evidencia que dicha información soporte la ejecución mensual del indicador, conforme a lo establecido en la descripción del control, lo cual limita la verificación de su cumplimiento en la periodicidad definida. Por otra parte, el GIT Estímulos e Incentivos no presenta la evidencia en los términos definidos en el control, particularmente en lo relacionado con la manipulación de información sensible asociada a los activos de información de los programas Glorias del Deporte, Atleta Excelencia, entre otros. Si bien aporta documentos de gestión, estos no corresponden a registros verificables de acceso, uso o tratamiento de la información sensible, tales como capturas de pantalla, trazabilidad de accesos o reportes de manipulación, lo que impide evidenciar la ejecución efectiva del control Con relación al Plan de Tratamiento del Riesgo: R2-Acc-1: Acción iniciada para el presente cuatrimestre con la presentación de tres documentos de reunión de los meeses de abril y mayo de 2026, se sugiere incrementar la frecuencia de la ejecución de la ejecución de la acción. Indicador R2: El proceso presenta el archivo correspondiente son la "Custodia y permisos otorgados para el Programa Atleta Excelencia, custodia y permisos otorgados para toda la información de las atenciones impartidas por el CCD" del cual no se identifica la evidencia informada por el proceso (AL) | AD27: R2-Cont-1 | AE27: R2-Acc-1
A28: Gestión del Talento Humano | B28: GH | C28: R5: Posibilidad de afectación reputacional por perdida de información o eliminación indebida de documentos de las Historias Laborales debido a la Inexistencia de lineamientos internos frente a seguimiento y custodia de las dichos documentos. | D28: 46125 | E28: 45767 | F28: 46146 | G28: Apoyo | H28: Moderado | I28: Si | J28: R5-Cont-1: El Profesional designado por el Coordinador de GIT Talento Humano debe validar mensualmente, los expedientes y/o historias laborales de los funcionarios activos del Ministerio del Deporte, dejando evidencia en el Formato Unico de Inventario Documental (FUID) y en caso de perdida de la Historia Laboral se le dara a conocer al Coordinador del GIT Talento Humano la situación y se procedera a realizar la respectiva denuncia ante el ente de control. | K28: Preventivo | L28: Si | M28: Si | N28: Si | O28: Aceptar | P28: Moderada | Q28: Parcialmente | R28: Si | S28: R5-Acc-1: Realizar seguimiento de la verificación delos expedinetes de las hojas de vidade los funcionarios activos del Ministerio del Deporte | T28: Informes cuatrimestral de seguimiento | U28: 30/04/2026 30/08/2026 15/12/2026 | V28: En curso | W28: Si | X28: No | Y28: No aplica | Z28: No aplica | AA28: No aplica | AB28: No | AC28: Durante el I cuatrimestre de 2026 no se evidenció la materialización del riesgo. Con relación con los controles: R5-Cont-1: El proceso (GH) presenta como evidencia de la ejecución del control el Formato Único de Inventario Documental (FUID); no obstante, en su contenido se observa falta de diligenciamiento de campos esenciales, tales como recibido, cargo, firma y lugar, lo que afecta la validez y completitud del soporte. Adicionalmente, la evidencia aportada no permite establecer la ejecución mensual del control, conforme a la periodicidad definida, limitando la verificación de su cumplimiento efectivo. En consecuencia, se requiere que, en los siguientes seguimientos, el proceso demuestre de manera clara la ejecución mensual del control, mediante la presentación de registros completos, debidamente diligenciados. Con relación al Plan de Tratamiento del Riesgo: R5-Acc-1: Acción iniciada para el presente cuatrimestre. R5-Acc-2: La acción para el presente cuatrimestre no requiere inicio de ejecución Indicador R5: En la ficha del indicador, el proceso (GH) establece como evidencia el “Registro en el Formato Único de Inventario Documental (FUID)”; sin embargo, en la verificación realizada no se evidenció la ejecución de actividades de monitoreo por parte de la segunda línea de defensa respecto a los indicadores mencionados. Esta situación evidencia debilidades en el seguimiento y control de los indicadores, afectando la oportunidad en la identificación de desviaciones. | AD28: R5-Cont-1 | AE28: R5-Acc-1 R5-Acc-2
R29: Si | S29: R5-Acc-2: Establecer un procedimiento de Historias Labores que garantice el establceimiento de lineamientos claros frente al manehjo de los documentos de las Historias Labores. | T29: Procedimiento creado y socializado en plataforma ISOLUCION | U29: 46233 | V29: No aplica para el cuatrimestre | W29: No aplica para el cuatrimestre
A30: Gestión de las Comunicaciones | B30: GC | C30: R2: Posibilidad de afectación reputacional y/o económica por la insuficiente capacidad de almacenamiento del repositorio de información, lo que puede generar limitaciones en la disponibilidad, integridad y trazabilidad de la información del proceso. | D30: 46112 | E30: 46134 | F30: 46141 | G30: Apoyo | H30: Alto | I30: Si | J30: R2-Cont-1: El Profesional asignado verificará cada cuatro meses, el cargue de los productos audiovisuales finales en el repositorio de SharePoint, de acuerdo con las directrices del coordinador (a) se carga la información final de la vigencia en el repositorio de SharePoint. En caso de desviación del control se solicita a los responsables el cargue de la información de forma inmediata. De la ejecución del control se genera la siguiente evidencia: tabla de excel y correos electrónicos (en caso de aplicar). Frecuencial: Cuatrimestral control se solicita a los responsables el cargue de la información de forma inmediata. De la ejecución del control se genera la siguiente evidencia: tabla de excel y correos electrónicos (en caso de aplicar). Frecuencial: Cuatrimestral | K30: Preventivo | L30: Si | M30: Si | N30: Si | O30: Reducir (Mitigar) | P30: Alto | Q30: Parcialmente | R30: Si | S30: R2-Acc-1: Generar alertas tempranas con una periodicidad mensual, sobre el cargue de la información en el SharePoint en la cual se den recomendaciones. | T30: Correo electrónico | U30: 01/01/2026 al 30/08/2026 | V30: SI | W30: Si | X30: No | Y30: No aplica | Z30: No aplica | AA30: No aplica | AB30: Si | AC30: Durante el I cuatrimestre de 2026 no se evidenció la materialización del riesgo Con relación con los controles: R2-Cont-1: El proceso (GC) presenta como evidencia de la ejecución del control el formato “GC-FR-012 Control de Productos Audiovisuales”, el cual contiene el registro de 107 solicitudes. No obstante, al realizar la comparación entre el formato aportado como evidencia de la gestión del control (alojado en SharePoint) y el formato oficial publicado en la plataforma Isolución, se identifican inconsistencias relevantes. En particular, se evidencian diferencias en la fecha del formato, dado que en Isolución el documento presenta fecha de 11/02/2025, mientras que el formato aportado como evidencia registra fecha 10/01/2026, manteniendo ambos la misma versión (versión 1), lo cual genera inconsistencias en el control documental. Adicionalmente, se observan diferencias en la estructura y forma entre el formato oficial descargado de Isolución y el utilizado como soporte en el presente seguimiento. Estas situaciones afectan la estandarización, integridad y trazabilidad de la información, así como la confiabilidad de la evidencia presentada frente a los lineamientos del Sistema de Gestión. R2-Cont-2: El proceso (GC) presenta como evidencia de la ejecución del control un archivo en formato PDF denominado “SHAREPOINT_DEPURACION”. No obstante, al verificar el contenido del pantallazo, específicamente en la tercera línea, no es posible identificar que el control corresponda a una periodicidad cuatrimestral, lo cual limita la validación de su cumplimiento conforme a lo definido en el diseño del control. Adicionalmente, se observa que la redacción estructural del control presenta debilidades, en tanto no se identifican de manera clara y explícita las evidencias requeridas para soportar su ejecución. Con relación al Plan de Tratamiento del Riesgo: R2-Acc-1: Acción iniciada para el presente cuatrimestre con la presentación de la evidencia "CORREO SEGUIMIENTO EVENTOS_REGISTRO AUDIOVISUAL" R2-Acc-2: Acción iniciada para el presente cuatrimestre con la presentación de la evidencia "CORREO SEGUIMIENTO DISCOS DUROS" Indicador R2: El proceso (GC) evidencia que el proceso (GC) presenta como soporte el formato “GC-FR-012 Control Productos Audiovisual”, en el cual se registran 107 solicitudes; sin embargo, en la ficha del indicador se establece una frecuencia de 6000, lo que no guarda coherencia con los resultados reportados en la evidencia registrados en el formato GC-FR-012. | AD30: R2-Cont-1 R2-Cont-2 | AE30: R2-Acc-1 R2-Acc-2
I31: Si | J31: R2-Cont-2: El profesional asignado verificará la depuración del alamcenamiento en el SharePoint cada cuatro meses. En caso de desviación el Coordinador (a) realizará un llamado de atención mediante un correo electrónico solicitando el cumplimiento. Frecuencial: Cuatrimestral | K31: Preventivo | L31: Si | M31: Si | N31: Si | Q31: Parcialmente | R31: Si | S31: R2-Acc-2: Gestionar la solicitud y autorización de dispositivos externos de almacenamiento, conforme a los lineamientos de seguridad de la información establecidos por la entidad. | T31: Correo electrónico | U31: 01/01/2026 al 30/08/2026 | V31: SI | W31: Si
A32: Gestión Financiera | B32: GF | C32: R4: Posibilidad de Afectación Económica y Reputacional por el acceso no autorizado a los sistemas y/o aplicativos tecnológicos que maneja el proceso financiero, debido la ausencia de políticas de control de acceso y la debilidad en la gestión segura de credenciales de acceso al sistema financiero utilizado en el entidad (SIIF) y los portales bancarios | D32: 46128 | E32: 46132 | F32: 46139 | G32: Apoyo | H32: Extremo | I32: Si | J32: R4-Cont-1: Cuatrimestralmente, El Coordinador (a) del GIT Gestión Contable y/o Profesionales designados, debe validar los usuarios autorizados en SIIF, mediante la revisión de las solicitudes realizadas y los usuarios activos en el aplicativo SIIF. En caso de identificar desviaciones en la ejecución del control, se debe informar a los usuarios autorizados que se debe realizar nuevamente la actualización de los datos para reactivar el usuario cumpliendo los lineamientos de seguridad. De la ejecución del control se generará la siguiente evidencia: Matriz de usuarios autorizados en SIIF | K32: Detectivo | L32: Si | M32: Si | N32: Si | O32: Reducir (Mitigar) | P32: Extremo | Q32: Parcialmente | R32: Si | S32: R4-Acc-1: Revisar en Isolucion el estado de los documentos asociados al tema de usuarios del proceso financiero y si aplica realizar la respectiva actualización | T32: Matriz de identificación de documentos del proceso financiero | U32: 01/01/2026 al 31/08/2026 | V32: SI | W32: Si | X32: No | Y32: No aplica | Z32: No aplica | AA32: No aplica | AB32: Si | AC32: Durante el I cuatrimestre de 2026 no se evidenció la materialización del riesgo Con relación con los controles: R4-Cont-1: El proceso (GF) presenta como evidencias de la ejecución del control el Formato Control Expedición Firmas Digitales – GF-FR-037-2025 y el documento Perfiles Aplicativo SIIF Nación, donde este último corresponde al registro de 31 usuarios en la plataforma. No obstante, se identifica que la evidencia aportada para el control coincide con la definida en el plan de tratamiento, lo cual resulta contrario a los principios de control interno, en la medida en que no se garantiza la independencia y diferenciación entre los mecanismos de control y las acciones de tratamiento del riesgo. R4-Cont-2: El proceso (GF) presenta como evidencias de la ejecución del control tres (3) archivos denominados “Miembros GIT Gestión Contable”, “GIT Gestión Presupuestal” y “Usuarios SharePoint Tesorería”. No obstante, considerando que la frecuencia definida para el control es de carácter cuatrimestral, no es posible evidenciar de manera clara su ejecución correspondiente al período evaluado, debido a la ausencia de trazabilidad que permita verificar su ejecución cuatrimestral. Adicionalmente, se recomienda al proceso revisar y ajustar la frecuencia del control dada la rotación del personal en los GIT de Gestión Contable, Gestión Presupuestal y Tesorería, con el fin de que el control permita efectivamente la mitigación del riesgo. Con relación al Plan de Tratamiento del Riesgo: R4-Acc-1: Acción iniciada para el presente cuatrimestre. Indicador R4: El proceso (FD) presenta como evidencia el formato GF - FR - 037 "01.USUARIOS SIIF" el cual informa el registro de 31 usuarios en SIIF, no obstante, no es posible establecer su efectividad hasta que se evalúe el comportamiento de los indicadores en los siguientes periodos. | AD32: R4-Cont-1 R4-Cont-2 | AE32: R4-Acc-1
I33: Si | J33: R4-Cont-2: Cuatrimestralmente, los Coordinadores (as) del GIT Gestión Contable, GIT Gestión Presupuestal, GIT Tesorería y/o Profesionales designados, deben validar que los usuarios pertenecientes a los GITs del proceso financiero, estén autorizados para el manejo de la información en SherePoint, mediante la revisión de los miembros que pertenecen a cada uno de los grupos en SharePoint. En caso de identificar desviaciones en la ejecución del control, se debe informar al GIT TICs que ubique al usuario que no pertenezca al proceso financiero al su grupo correspondiente. De la ejecución del control se generará la siguiente evidencia: Pantallazos de los miembros pertenecientes a los 3 GITs del proceso financiero. | K33: Detectivo | L33: Si | M33: Si | N33: Si | Q33: Parcialmente
A34: Servicio Integral al Ciudadano | B34: SI | C34: R4; Posibilidad de afectación reputacional por pérdida de la integridad de la información, debido a la falta de autocontrol en el cargue y actualización de la información en el punto de uso (Sharepoint) dispuesto por el proceso | D34: 46111 | E34: 46132 | F34: 46140 | G34: Apoyo | H34: Moderado | I34: Si | J34: R4-Cont-1: Semestralmente (la) Coordinador(a) del GIT de Servicio Integral al Ciudadano verifica aleatoriamente el uso acceso y edición (alimentación) de carpetas del Sharepoint de acuerdo con las temáticas asignadas a los integrantes del grupo. En caso de desviación se solicitará a los responsables que se cargue la información faltante. Como evidencia se generará comunicación al responsable donde se indique que la carpetas de sharepoint se encuentra actualizada o se requiere actualizar | K34: Preventivo | L34: Si | M34: Si | N34: Si | O34: Aceptar | P34: Moderada | Q34: No aplica | R34: Si | S34: R4-Acc-1: Gestionar con el área de TIC la asignación de permisos de acceso diferenciados al repositorio, vigentes únicamente durante la vigencia actual, de acuerdo con la responsabilidad y competencia de cada funcionario o contratista sobre los temas a su cargo. | T34: Documento de requerimiento | U34: 01/04/2026 al 30-08-2026 | V34: SI | W34: Si | X34: No | Y34: No aplica | Z34: No aplica | AA34: No aplica | AB34: No | AC34: Durante el I cuatrimestre de 2026 no se evidenció la materialización del riesgo Con relación con los controles: R4-Cont-1: Considerando la frecuencia semestral definida para el control, no aplica la presentación de evidencias en el presente seguimiento cuatrimestral. No obstante, en atención a las limitaciones de capacidad de almacenamiento identificadas en la plataforma SharePoint a nivel institucional, se recomienda al proceso evaluar y ajustar la frecuencia del indicador a intervalos más cortos, con el fin de fortalecer la gestión preventiva del riesgo y evitar la posible materialización de pérdida de información. Con relación al Plan de Tratamiento del Riesgo: R4-Acc-1: Acción iniciada para el presente cuatrimestre sin avance de la ejecución de la acción. Indicador R4: El proceso (SI) diligenció el documento de trabajo con el reporte del indicador; sin embargo, manifestó que, para el periodo evaluado, no se dispone de resultados, indicando que su medición y reporte se realizará con posterioridad a la emisión del informe trimestral de servicio al ciudadano. Asi mismo, señaló que, a la fecha del presente seguimiento, no se han emitido informes trimestrales, estando prevista la publicación del primero en mayo de 2026, lo cual limita la disponibilidad oportuna de información para el seguimiento del indicador. Esta situación afecta la capacidad de monitoreo y evaluación. | AD34: R4-Cont-1 | AE34: R4-Acc-1
A35: Apoyo a la Infraestructura Técnica y Científica | B35: ATC | C35: R4: Posibilidad de afectación reputacional por falta de organizacion de la informacion que se recibe de los entes territoriales para la viabilizacion de los proyectos, debido a deficiencia de controles para asegurar la integridad de la informacion en los puntos de uso definidos por el proceso | D35: 46146 | E35: 46146 | F35: 46146 | G35: Misional | H35: Alto | I35: Si | J35: R4-Cont-1: De manera mensual, el profesional designado como líder de región verifica el cargue de la información en el punto de uso definido (SharePoint) por parte de los integrantes del equipo de trabajo responsables de atender a los entes territoriales, asegurando la integridad de la información. Cada líder regional, una vez que los entes territoriales solicitan la viabilidad de los proyectos, realiza la asignación del profesional responsable de cada proyecto y se asegura de la creación de la carpeta correspondiente en el lugar designado para tal fin. En caso de identificar desviaciones en la ejecución del control, solicitará al profesional designado como líder de región que realice el cargue de la información. Como evidencia de la ejecución del control, se generará la siguiente evidencia: 1. Registro en Excel de los proyectos asignados. 2. Verificación del cargue de la información (pantallazo, correos electrónicos). | K35: Preventivo | L35: Si | M35: Si | N35: Si | O35: Aceptar | P35: Alto | Q35: Parcialmente | R35: Si | S35: R4-Acc-1: 1. Solicitud de reportes mensuales del estado de los proyectos | T35: Correo electronico institucional | U35: 18/10/2026 al 31/12/2026 | V35: No aplica para el cuatrimestre | W35: No aplica para el cuatrimestre | X35: No | Y35: No aplica | Z35: No aplica | AA35: No aplica | AB35: No | AC35: Durante el I cuatrimestre de 2026 no se evidenció la materialización del riesgo Con relación con los controles: R4-Cont-1: El proceso (ATC) presenta como evidencia de la ejecución del control el archivo en Excel denominado “Planilla de programación semanal revisiones”, el cual contiene información correspondiente a 219 proyectos a cargo del GIT de Infraestructura. Al verificar el contenido, se evidencian registros asociados a los meses de enero, febrero, marzo y abril de 2026. No obstante, se identifica que el proyecto de inversión ubicado en el ítem 15, correspondiente a “Remodelación y/o adecuación de la Villa Olímpica del municipio de Agustín Codazzi – Departamento del Cesar”, no registra información en el campo de semana de revisión. Adicionalmente, se evidencian sesenta (60) proyectos sin diligenciamiento de la fecha de revisión, así como múltiples campos incompletos en el formato, entre ellos: Fecha de revisión, Mesas programadas, Fecha de mesa, Orden de revisión, Fecha de entrega de fichas, Encargado de la entrega y Revisiones previas. Esta situación refleja debilidades en el registro y consistencia de la información, así como en la integridad del diligenciamiento del formato “Programación semanal - Revisión de proyectos”. En consecuencia, se observa que el profesional designado no está realizando de manera efectiva la verificación del cargue y completitud de la información. Asimismo, dado que el proceso no aportó evidencias complementarias tales como pantallazos, correos electrónicos de seguimiento u otros soportes que den cuenta de acciones de control, no es posible establecer la ejecución del control mensual ni su efectividad en el seguimiento a la programación de revisiones. Con relación al Plan de Tratamiento del Riesgo: R4-Acc-1: La acción para el presente cuatrimestre no requiere inicio de ejecución R4-Acc-2: La acción para el presente cuatrimestre no requiere inicio de ejecución Indicador R4: Se identifica falta de medición o actualización de indicadores clave de riesgo y de control, lo que dificulta evaluar su efectividad. | AD35: R4-Cont-1 | AE35: R4-Acc-1 R4-Acc-2
R36: Si | S36: R4-Acc-2:2. Solicitar a los profesioanles de apoyo la notificacion de los avances en el cargue de la informacion de acuerdo al avance de cada proyecto | T36: Correo electronico institucional | U36: 18/10/2026 al 31/12/202 | V36: No aplica para el cuatrimestre | W36: No aplica para el cuatrimestre

Sheet DinamicaMRG
A1: Relación controles y acciones riesgos de gestión
A2: Nombre del Proceso | B2: Siglas | C2: Riesgo | D2: Codificación Controles | E2: Codificación Acciones | F2: Cantidad de Controles | G2: Cantidad de Acciones
A3: Direccionamiento Estratégico y Aprendizaje Organizacional | B3: DE | C3: R1, R2, R3 | D3: R1-Cont-1 R2-Cont-1 R2-Cont-2 R3-Cont-1 R3-Cont-2 R3-Cont-3 | E3: R1-Acc-1 R2-Acc-1 R2-Acc-2 R3-Acc-1 R3-Acc-2 R3-Acc-3 | F3: 6 | G3: 6
A4: Servicio Integral al Ciudadano | B4: =VLOOKUP(A4,'Listas deplegables'!$A$2:$B$19,2,0) -> SI | C4: R2.R3.R5 | D4: R2-Cont-1 R2-Cont-2 R3-Cont-1 R3-Cont-2 R5-Cont-1 | E4: R2-Acc-1 R3-Acc-1 R5-Acc-1 R5-Acc-2 | F4: 5 | G4: 4
A5: Gestión de las Comunicaciones | B5: =VLOOKUP(A5,'Listas deplegables'!$A$2:$B$19,2,0) -> GC | C5: R3 | D5: R3-Cont-1 | E5: R3-Acc-1 | F5: 1 | G5: 1
A6: Gestión Financiera | B6: =VLOOKUP(A6,'Listas deplegables'!$A$2:$B$19,2,0) -> GF | C6: R2,R3 | D6: R2-Cont-1 R3-Cont-1 R3-Cont-2 R3-Cont-3 R3-Cont-4 | E6: R2-Acc-1 R3-Acc-1 R3-Acc-2 | F6: 5 | G6: 3
A7: Gestión Jurídica | B7: =VLOOKUP(A7,'Listas deplegables'!$A$2:$B$19,2,0) -> GJ | C7: R2,R4 | D7: R2-Cont-1 R4-Cont-1 | E7: R2-Acc-1 R2-Acc-2 R4-Acc-1 | F7: 2 | G7: 3
A8: Gestión de los Recursos Físicos | B8: =VLOOKUP(A8,'Listas deplegables'!$A$2:$B$19,2,0) -> RF | C8: R2,R3 | D8: R2-Cont-1 R2-Cont-2 R3-Cont-1 R2-Cont-1 R2-Cont-2 R3-Cont-1 | E8: R2-Acc-1 R3-Acc-1 R2-Acc-1 R3-Acc-1 | F8: 6 | G8: 4
A9: Apoyo a la Infraestructura Técnica y Científica | B9: =VLOOKUP(A9,'Listas deplegables'!$A$2:$B$19,2,0) -> ATC | C9: R3 | D9: R3-Cont-1 | E9: R3-Acc-1 | F9: 1 | G9: 1
A10: Inspección Vigilancia y Control | B10: =VLOOKUP(A10,'Listas deplegables'!$A$2:$B$19,2,0) -> IVC | C10: R2 | D10: R2-Cont-1 R2-Cont-2 | E10: R1-Acc-1 R1-Acc-2 | F10: 2 | G10: 2
A11: Gestión del Talento Humano | B11: =VLOOKUP(A11,'Listas deplegables'!$A$2:$B$19,2,0) -> GH | C11: R3,R4 | D11: R3-Cont-1 R3-Cont-2 R4-Cont-1 | E11: R3-Acc-1 R3-Acc-2 R4-Acc-1 | F11: 3 | G11: 3
A12: Gestión de TIC'S | B12: =VLOOKUP(A12,'Listas deplegables'!$A$2:$B$19,2,0) -> GT | C12: R2 | D12: R2-Cont-1 R2-Cont-2 R2-Cont-3 R2-Cont-4 | E12: R2-Acc-1 R2-Acc-2 | F12: 4 | G12: 2
A13: Adquisición de Bienes y Servicios | B13: =VLOOKUP(A13,'Listas deplegables'!$A$2:$B$19,2,0) -> BS | C13: R2,R3,R4 | D13: R2-Cont-1 R3-Cont-1 R4-Cont-1 | E13: R2-Acc-1 R3-Acc-1 R4-Acc-1 | F13: 3 | G13: 3
A14: Gestión Documental | B14: =VLOOKUP(A14,'Listas deplegables'!$A$2:$B$19,2,0) -> GD | C14: R2 | D14: R2-Cont-1 | E14: R2-Acc-1 | F14: 1 | G14: 1
A15: Altos Logros | B15: =VLOOKUP(A15,'Listas deplegables'!$A$2:$B$19,2,0) -> AL | C15: R3 | D15: R3-Cont-1 R3-Cont-2 | E15: R3-Acc-1 | F15: 2 | G15: 1
... A19: Formulación y Adopción de Políticas, Planes y Programas | B19: =VLOOKUP(A19,'Listas deplegables'!$A$2:$B$19,2,0) -> FP | C19: R1,R2 | D19: R1-Cont-1 R1-Cont-2 R1-Cont-3 R1-Cont-4 R1-Cont-5 R2-Cont-1 R2-Cont-2 R2-Cont-3 | E19: R1-Acc-1 R1-Acc-2 R1-Acc-3 R1-Acc-4 R1-Acc-5 R2-Acc-1 R2-Acc-2 R2-Acc-3 | F19: 8 | G19: 8
A20: Proceso Gestión Ambiental | B20: GA | C20: R1 | D20: R1-Cont-1 | E20: R1-Acc-1 | F20: 1 | G20: 1
A21: TOTAL | F21: =SUM(F3:F20) -> 55 | G21: =SUM(G3:G20) -> 46

Sheet DinamicaMSI
A1: Relación controles y acciones riesgos seguridad de la información
A2: Nombre del Proceso | B2: Siglas | C2: Riesgo | D2: Codificación Controles | E2: Codificación Acciones | F2: Cantidad de Controles | G2: Cantidad de Acciones
A3: Direccionamiento Estratégico y Aprendizaje Organizacional | B3: DE | C3: R4 | D3: R4-Cont-1 R4-Cont-2 | E3: R4-Acc-1 | F3: 2 | G3: 1
A4: Adquisición de Bienes y Servicios | B4: BS | C4: R5 | D4: R5-Cont-1 | E4: R5-Acc-1 | F4: 1 | G4: 1
A5: Inspección Vigilancia y Control | B5: IVC | C5: R3 | D5: R3-Cont-1 R3-Cont-2 | E5: R3-Acc-1 R3-Acc-2 | F5: 2 | G5: 2
A6: Gestión Jurídica | B6: GJ | C6: R3 | D6: R3-Cont-1 | E6: R3-Acc-1 | F6: 1 | G6: 1
A7: Gestión de los Recursos Físicos | B7: RF | C7: R4 | D7: R4-Cont-1 | E7: R4-Acc-1 | F7: 1 | G7: 1
A8: Gestión Documental | B8: GD | C8: R3 | D8: R3-Cont-1 R3-Cont-2 | E8: R3-Acc-1 | F8: 2 | G8: 1
A9: Gestión Proceso Disciplinario | B9: GP | C9: R3 | D9: R3-Cont-1 | E9: R3-Acc-1 | F9: 1 | G9: 1
A10: Proceso Gestión Ambiental | B10: GA | C10: R2 | D10: R2-Cont-1 R2-Cont-2 | E10: R2-Acc-1 | F10: 2 | G10: 1
A11: Fomento al Desarrollo Humano y Social | B11: FD | C11: R4 | D11: R4-Cont-1 | E11: R4-Acc-1 | F11: 1 | G11: 1
A12: Evaluación Independiente y Mejora Continua | B12: EI | C12: R3 | D12: R3-Cont-1 | E12: R3-Acc-1 | F12: 1 | G12: 1
A13: Gestión de TIC'S | B13: TI | C13: R3 | D13: R3-Cont-1 R3-Cont-2 R3-Cont-3 | E13: R3-Acc-1 R3-Acc-2 R3-Acc-3 | F13: 3 | G13: 3
A14: Altos Logros | B14: AL | C14: R2 | D14: R2-Cont-1 | E14: R2-Acc-1 | F14: 1 | G14: 1
... A19: Apoyo a la Infraestructura Técnica y Científica | B19: ATC | C19: R4 | D19: R4-Cont-1 | E19: R4-Acc-1 R4-Acc-2 | F19: 1 | G19: 2
A20: TOTAL | F20: =SUM(F3:F19) -> 25 | G20: =SUM(G3:G19) -> 23

Sheet Resumen MRG-MSI
A1: Proceso | B1: Siglas | C1: Tipo de proceso | D1: Gestión | E1: Seguridad de la Información
A2: Gestión de los Recursos Físicos | B2: RF | C2: Misional | D2: 2 | E2: 1
A3: Apoyo a la Infraestructura Técnica y Científica | B3: ATC | C3: Misional | D3: 1 | E3: 1
A4: Fomento al Desarrollo Humano y Social | B4: FD | C4: Misional | D4: 1 | E4: 1
A5: Formulación y Adopción de Políticas, Planes y Programas | B5: FP | C5: Misional | D5: 2 | E5: 0
A6: Direccionamiento Estratégico y Aprendizaje Organizacional | B6: DE | C6: Estratégico | D6: 3 | E6: 1
A7: Altos Logros | B7: AL | C7: Control y evaluación | D7: 1 | E7: 1
A8: Gestión Proceso Disciplinario | B8: PD | C8: Control y evaluación | D8: 1 | E8: 1
A9: Evaluación Independiente y Mejora Continua | B9: EI | C9: Control y evaluación | D9: 1 | E9: 1
A10: Servicio Integral al Ciudadano | B10: SI | C10: Apoyo | D10: 3 | E10: 1
A11: Gestión de las Comunicaciones | B11: GC | C11: Apoyo | D11: 1 | E11: 1
A12: Gestión Financiera | B12: GF | C12: Apoyo | D12: 2 | E12: 1
A13: Gestión Jurídica | B13: GJ | C13: Apoyo | D13: 2 | E13: 1
... A19: Proceso Gestión Ambiental | B19: GA | C19: Apoyo | D19: 1 | E19: 1
A20: TOTAL | D20: =SUM(D2:D19) -> 29 | E20: =SUM(E2:E19) -> 17

Sheet Distribución proceso
A1: TIPO PROCESO | B1: RIESGOS GESTIÓN | C1: RIESGOS SEGURIDAD DE LA INFORMACIÓN
A2: Apoyo | B2: 17 | C2: 10
A3: Control y evaluación | B3: 3 | C3: 3
A4: Estratégico | B4: 3 | C4: 1
A5: Misional | B5: 6 | C5: 3
A6: TOTAL | B6: =SUM(B2:B5) -> 29 | C6: =SUM(C2:C5) -> 17
A8: Etiquetas de fila | B8: Suma de Gestión | C8: Suma de Seguridad de la Información
A9: Apoyo | B9: 17 | C9: 10
A10: Control y evaluación | B10: 3 | C10: 3
A11: Estratégico | B11: 3 | C11: 1
A12: Misional | B12: 6 | C12: 3
A13: Total general | B13: 29 | C13: 17

Sheet Observaciones MRG
A1: MATRIZ SEGUIMIENTO MAPA DE RIESGOS DE GESTIÓN
A2: Nombre del Proceso | B2: Siglas | C2: Tipo | D2: Descripción Riesgo | E2: Controles | F2: Acciones | G2: Observaciones y recomendaciones por parte de la Tercera Línea de Defensa - Oficina de Control Interno (OCI)
A3: Direccionamiento Estratégico y Aprendizaje Organizacional | B3: DE | C3: Gestión | D3: R1: Posibilidad de afectación económica y reputacional por la desarticulación de los planes, programas y proyectos, debido a subestimación de las necesidades de los grupos de valor y las metas de Plan Nacional de Desarrollo. | E3: R1-Cont-1 R2-Cont-1 R2-Cont-2 R3-Cont-1 R3-Cont-2 R3-Cont-3 | F3: R1-Acc-1 R2-Acc-1 R2-Acc-2 R3-Acc-1 R3-Acc-2 R3-Acc-3 | G3: Durante el I cuatrimestre de 2026 no se evidenció la materialización del riesgo. Con relación con los controles: R1-Cont-1: Se sugiere al proceso mantener la continuidad en la ejecución del control con el fin de mantener su efectividad dentro del sistema de control interno. R2-Cont-1: Se sugiere al proceso mantener la continuidad en la ejecución del control con el fin de mantener su efectividad dentro del sistema de control interno. Se sugiere en el documento “CRONOGRAMA SEGUIMIENTO 2026” incluir la marcación del estado de cada actividad, con el fin de fortalecer el control y seguimiento de su ejecución. R2-Cont-2: Se sugiere al proceso mantener la continuidad en la ejecución del control con el fin de mantener su efectividad dentro del sistema de control interno. R3-Cont-1: Se sugiere al proceso mantener la continuidad en la ejecución del control con el fin de mantener su efectividad dentro del sistema de control interno. Adicionalmente, al revisar el contenido del archivo: "Tablero de Ejecución MIPG_GIT de P y G" se sugiere atender las actividades en estado incumplida. R3-Cont-2: Se sugiere al proceso mantener la continuidad en la ejecución del control con el fin de mantener su efectividad dentro del sistema de control interno, tal como se ejecutó el control mediante el documento: "Lineamientos institucionales FURAG 2025 v1" R3-Cont-3: Se sugiere al proceso mantener la continuidad en la ejecución del control con el fin de mantener su efectividad dentro del sistema de control interno. Con relación al Plan de Tratamiento del Riesgo: R1-Acc-1: La acción para el presente cuatrimestre no requiere inicio de ejecución R2-Acc-1: La acción para el presente cuatrimestre no requiere inicio de ejecución R2-Acc-2: Aplica para el primer avance 0/04/2026, las evidencias aportadas no corresponden al avance del Plan de trabajo, versiones actualizadas de procedimientos, instructivos y documentos, cargue y/o actualizacion en ISOLUCION, actas de revision y aprobacion de documentos, correo de socializacion y validacion, dado que el proceso aporta evidenciua distintas como: documentos de GIT ONAD, Instructivo Gestión Programa Paradero 24032026, PROCEDIMIENTO ELABORACION, MODIFICACION Y SEGUIMIENTO DEL PLAN ESTRATEGICO INSTITUCIONAL Y DEL PLAN DE ACCION INSTITUCIONAL R3-Acc-1: La acción para el presente cuatrimestre no requiere inicio de ejecución R3-Acc-2: La acción para el presente cuatrimestre no requiere inicio de ejecución R3-Acc-3: La acción para el presente cuatrimestre no requiere inicio de ejecución. Indicadores R1 y R2: Se solicita al proceso (DE) realizar en una carpeta separada las evidencias correspondientes a los indicadores. Indicadores R1 , R2 y R3: En la revisión realizada no se evidenció el monitoreo por parte de la segunda línea de defensa para los indicadores mencionados. Por lo anterior, se recomienda fortalecer el cumplimiento de las actividades de monitoreo.
D4: R2: Posibilidad de afectación reputacional por falta de seguimiento de los planes, programas y proyectos formulados, debido a la entrega inoportuna de la información por parte de las dependencias
D5: R3: Posibilidad de afectación Reputacional por la falta de apropiación del MIPG, debido a desarticulación entre las políticas y las acciones definidas en los planes institucionales, que incidan en la medición del índice de desempeño
A7: Adquisición de Bienes y Servicios | B7: BS | C7: Gestión | D7: R2: Posibilidad de afectación económica por multas o sanciones de los entes de control debido a la celebración de Contratos sin que se cumplan con todos los requisitos legales. | E7: R2-Cont-1 R3-Cont-1 R4-Cont-1 | F7: R2-Acc-1 R3-Acc-1 R4-Acc-1 | G7: Durante el I cuatrimestre de 2026 no se evidenció la materialización del riesgo. Con relación con los controles: R2-Cont-1: Se sugiere al proceso mantener la continuidad en la ejecución del control con el fin de mantener su efectividad dentro del sistema de control interno de la ejecución del control se identifico como evidencia el archivo: "CONTRATOS PRIMER CUATRIMESTRE - BASE CON MODALIDAD" R3-Cont-1: Se sugiere al proceso mantener la continuidad en la ejecución del control con el fin de mantener su efectividad dentro del sistema de control interno de la ejecución del control se identifico como evidencia el archivo: "Base Liquidaciones 2026". R4-Cont-1: Se sugiere al proceso mantener la continuidad en la ejecución del control con el fin de mantener su efectividad dentro del sistema de control interno de la ejecución del control se identifico como evidencia el archivo: "CONTRATOS PRIMER CUATRIMESTRE - EVALUACION COMPETITIVOS". R2-Acc-1: Acción iniciada para el presente cuatrimestre, presenta el documento 20260427 FLUJOS DE APROBACION, el cual se sugiere sea considerada su inclusión enla estructira documental del proceso Adquisición de Bienes y Servicios . R3-Acc-1: Acción iniciada para el presente cuatrimestre. Se identifican 27 archivos relacionados con alertas de contratosestan próximos a perder competencia para liquidar para las dependencias del Despacho del Ministerio, Dirección de Fomento y Desarrollo, Dirección de Recursos y Herramientas, Dirección de Posicionamiento y Despacho Secretario General (en particular para TICS, Talento Humano, Gestión Contable, Gestión Administrativa). R4-Acc-1: La acción se encuentra iniciada para el presente cuatrimestre, evidenciándose la identificación de 15 documentos correspondientes a subsanaciones de inconsistencias contractuales. No obstante, en términos de fortalecimiento del control y seguimiento, se recomienda implementar un cuadro de alertas que permita identificar oportunamente los contratos próximos a perder competencia para su liquidación, con el fin de mitigar riesgos asociados a vencimientos de términos y asegurar la gestión oportuna de los procesos contractuales. Indicadores R2, R3 y R4: Se evidencia la medición de los indicadores por lo que se recomienda fortalecer la gestión en la medición y análisis de indicadores como insumo clave para la gestión preventiva del riesgo.
D8: R3: Posibilidad de afectación económica por multas, sanciones o investigaciones disciplinarias, fiscales y penales debido a la liquidación incorrecta de contratos o no liquidación de los mismos en los plazos acordados en el contrato o los establecidos por la Ley
D9: R4: Posibilidad de afectación económica y reputacional por multas o sanciones de los entes de control debido al incumplimiento de las formalidades legales para la selección objetiva del contratista
A10: Adquisición de Bienes y Servicios | B10: BS | C10: Seguridad de la información | D10: R5-Cont-1 | E10: R5-Acc-1 | F10: R5: Posibilidad de afectación reputacional por demoras en los procesos, sanciones e incumplimientos normativos debido a la pérdida de documentos producidos al interior del proceso | G10: Durante el I cuatrimestre de 2026 no se evidenció la materialización del riesgo Con relación con los controles: R5-Cont-1: Se sugiere al proceso mantener la continuidad en la ejecución del control con el fin de mantener su efectividad dentro del sistema de control interno. Con relación al Plan de Tratamiento del Riesgo: R5-Acc-1: Acción iniciada para el presente cuatrimestre con la presentación del documento "Perfiles SECOP II" Indicador R5: Se identifica como evidencia la base denomidada "Enlaces a Secop de los procesos contractuales adelantados, donde puede ser consultada toda la información del proceso y del contrato" por tanto, En la revisión realizada se evidenció el monitoreo por parte de la segunda línea de defensa para los indicadores mencionados. Por lo anterior, se recomienda fortalecer el cumplimiento de las actividades de monitoreo.
A12: Inspección Vigilancia y Control | B12: IVC | C12: Gestión | D12: R2: Posibilidad de afectación Reputacional por fallas en la articulación entra e intersectorial, que generen discontinuidad en los procesos de política pública, específicamente en su implementación , seguimiento y evaluación. | E12: R2-Cont-1 R2-Cont-2 | F12: R1-Acc-1 R1-Acc-2 | G12: Durante el I cuatrimestre de 2026 no se evidenció la materialización del riesgo. R2-Cont-1: Se sugiere al proceso mantener la continuidad en la ejecución del control con el fin de mantener su efectividad dentro del sistema de control interno de la ejecución del control se identifico como evidencia los archivos: Informe De Gestión de los meses de enero, febrero y marzo de la vigencia 2026 del GIT de Deporte Aficionado. No se identifica evidencia de gestión de los otros grupos internos de trabajo de IVC. R2-Cont-2:Se sugiere al proceso mantener la continuidad en la ejecución del control, con el propósito de preservar su efectividad dentro del Sistema de Control Interno. En la verificación realizada, se identificó como evidencia los archivos “Permisos Dirección” y “Base_05_Reparto de correspondencia”; sin embargo, al revisar el contenido de este último, se evidenció que la columna “entregado” no se encuentra diligenciada, lo cual limita la trazabilidad y el cumplimiento del objetivo del control. Con relación al Plan de Tratamiento del Riesgo: R1-Acc-1: La acción para el presente cuatrimestre no requiere inicio de ejecución R1-Acc-2: Acción iniciada para el presente cuatrimestre. Se identifica como evidencia la Base da datos de los actos administrativos por cada GIT de la Dirección de la que se identifican 13 registros que carece de la información explicita de los responsables de la actuación administrativa. Indicadores R1: No se evidencia la medición de los indicadores por lo que se recomienda fortalecer la gestión en la medición y análisis de indicadores como insumo clave para la gestión preventiva del riesgo.
